 Dungeon Crawl Stone Soup version 0.25.1-2-g60ff931df9 (webtiles) character file.

Game seed: 11845302469431272775

398558 lepoulpe303 the Alchemist (level 22, -12/102 HPs)
             Began as a Spriggan Earth Elementalist on Oct 15, 2020.
             Was the Champion of Dithmenos.
             Mangled by a stone giant (33 damage)
             ... on level 15 of the Dungeon on Oct 16, 2020.
             The game lasted 06:41:48 (71038 turns).

lepoulpe303 the Alchemist (SpEE)                   Turns: 71038, Time: 06:41:48

Health: -12/102    AC: 15    Str:  5    XL:     22   Next: 23%
Magic:  51/51      EV: 37    Int: 30    God:    Dithmenos [******]
Gold:   4633       SH:  0    Dex: 22    Spells: 7/52 levels left

rFire    + . .     SeeInvis +   a - +6 rapier (elec)
rCold    . . .     Gourm    .   (shield restricted)
rNeg     . . .     Faith    +   x - +4 troll leather armour {regen}
rPois    .         Spirit   .   d - +2 hood of the Assassin {Detection Stab+ Stlth++}
rElec    .         Reflect  .   U - +2 cloak {rCorr}
rCorr    +         Harm     .   (gloves unavailable)
MR       +++..                  (boots unavailable)
Stlth    ++++++++++             V - amulet "Tupot" {Faith MP+9 Stlth+}
HPRegen  0.67/turn              y - +6 ring of intelligence
MPRegen  0.32/turn              W - ring "Jufeor" {+Fly EV+4}

@: very slightly contaminated, wreathed by umbra, invisible, very quick
A: very small, unfitting armour, see invisible, agile 2, fire resistance 1,
herbivore, speed 3, slow metabolism 2, wild magic 1
}: 2/15 runes: barnacled, gossamer
a: Shadow Step, Shadow Form, Renounce Religion, Evoke Flight


You were on level 15 of the Dungeon.
You worshipped Dithmenos.
Dithmenos was exalted by your worship.
You were not hungry.

You visited 8 branches of the dungeon, and saw 39 of its levels.
You also visited: Bailey and Ice Cave.

You collected 6983 gold pieces.
You spent 2350 gold pieces at shops.

Inventory:

Hand Weapons
 a - a +6 rapier of electrocution (weapon)
Missiles
 H - 13 curare-tipped darts
 Q - 218 stones (quivered)
Armour
 d - the +2 hood of the Assassin (worn) {Detection Stab+ Stlth++}
   (You bought it in a shop on level 3 of the Elven Halls)

   It makes you much more stealthy.
 m - the +2 buckler of the Raven {MR+}
   (You took it off a gnoll sergeant on level 7 of the Dungeon)

   It affects your resistance to hostile enchantments.
 p - a +2 robe of positive energy {rN+}
 x - a +4 troll leather armour (worn) {regen}
 U - a +2 cloak of preservation (worn)
Magical Staves
 b - an uncursed staff of earth
Jewellery
 y - a +6 ring of intelligence (left hand)
 F - an uncursed ring of protection from fire
 I - the ring of Hiraac {+Fly rC++ Str+4 Int-2 Dex+4}
   (You found it on level 2 of the Spider Nest)

   [ring of flight]

   It affects your strength (+4).
   It affects your intelligence (-2).
   It affects your dexterity (+4).
   It greatly protects you from cold.
   It lets you fly.
 M - the ring of the Middle {+Inv rN+++ MP+9 Int-5 Slay-5}
   (You took it off a gnoll shaman on level 7 of the Dungeon)

   [ring of magical power]

   It affects your intelligence (-5).
   It affects your accuracy and damage with ranged weapons and melee attacks
   (-5).
   It renders you almost immune to negative energy.
   It affects your magic capacity (+9).
   It lets you turn invisible.
 V - the amulet "Tupot" (around neck) {Faith MP+9 Stlth+}
   (You found it in an ice cave)

   [amulet of faith]

   It allows you to gain divine favour quickly.
   It affects your magic capacity (+9).
   It makes you more stealthy.
 W - the ring "Jufeor" (right hand) {+Fly EV+4}
   (You found it in an ice cave)

   [ring of evasion]

   It affects your evasion (+4).
   It lets you fly.
Wands
 c - a wand of polymorph (6)
 k - a wand of enslavement (10)
 o - a wand of flame (33)
 u - a wand of paralysis (23)
 v - a wand of disintegration (18)
 C - a wand of iceblast (7)
 D - a wand of digging (5)
 G - a wand of clouds (1)
 J - a wand of acid (26)
Scrolls
 f - 6 scrolls of fog
 g - 4 scrolls of fear
 i - 7 scrolls of identify
 s - 6 scrolls of magic mapping {!r}
 t - 20 scrolls of teleportation
 w - 14 scrolls of remove curse
 z - 6 scrolls of noise {!r}
 B - 8 scrolls of blinking {!r}
 E - 3 scrolls of immolation {!r}
 N - a scroll of enchant armour
 P - a scroll of holy word {!r}
Potions
 h - 7 potions of haste
 j - 3 potions of magic
 l - 8 potions of heal wounds
 n - 3 potions of resistance
 q - 12 potions of curing
 r - 8 potions of lignification {!q}
 A - 4 potions of invisibility
 K - 7 potions of might
 S - 6 potions of brilliance
 T - 3 potions of cancellation
 X - 5 potions of stabbing
 Y - 9 potions of ambrosia
Miscellaneous
 L - a tin of tremorstones (3/3)
 O - a box of beasts
Comestibles
 e - 28 rations


   Skills:
 - Level 6.0 Fighting
 + Level 11.9 Short Blades
 - Level 8.9 Armour
 + Level 16.8 Dodging
 - Level 10.5 Stealth
 - Level 0.2 Shields
 + Level 15.5 Spellcasting
 - Level 11.3 Hexes
 * Level 12.6 Necromancy
 * Level 17.2 Transmutations
 - Level 2.0 Air Magic
 * Level 15.1 Earth Magic
 - Level 6.9 Poison Magic
 + Level 14.4 Invocations
 - Level 10.7 Evocations


You had 7 spell levels left.
You knew the following spells:

 Your Spells              Type           Power        Failure   Level  Hunger
a - Sandblast             Erth           ######       1%          1    None
b - Mephitic Cloud        Conj/Pois/Air  ######..     4%          3    None
c - Confusing Touch       Hex            #######.     1%          3    None
d - Yara's Violent Unrav  Hex/Tmut       #######...   1%          5    None
e - Statue Form           Tmut/Erth      ########.    1%          6    ###....
f - Darkness              Hex            #######...   7%          6    ###....
j - Borgnjor's Vile Clut  Necr/Erth      #######...   1%          5    None
p - Petrify               Tmut/Erth      ########     1%          4    None
s - Slow                  Hex            #######.     1%          2    None
w - Passwall              Tmut/Erth      ########     1%          2    None
x - Stone Arrow           Conj/Erth      ######       1%          3    None
z - Lee's Rapid Deconstr  Erth           #######...   1%          5    None

Your spell library contained the following spells:

 Spells                   Type           Power        Failure   Level  Hunger
 Animate Skeleton         Necr           N/A          1%          1    None
 Beastly Appendage        Tmut           ######       1%          1    None
 Corona                   Hex            #######      1%          1    None
 Pain                     Necr           ####         1%          1    None
 Corpse Rot               Necr/Air       N/A          1%          2    None
 Ensorcelled Hibernation  Hex/Ice        ######       1%          2    None
 Sticks to Snakes         Tmut           ########     1%          2    None
 Sublimation of Blood     Necr           #######...   1%          2    None
 Dazzling Flash           Conj/Hex       ######       1%          3    None
 Ignite Poison            Fire/Tmut/Pois #######.     1%          3    None
 Inner Flame              Hex/Fire       ######..     1%          3    None
 Portal Projectile        Hex/Tloc       ######       1%          3    None
 Spider Form              Tmut/Pois      #######...   1%          3    None
 Summon Guardian Golem    Hex/Summ       ######..     1%          3    None
 Tukima's Dance           Hex            #######.     1%          3    None
 Vampiric Draining        Necr           #######...   1%          3    None
 Animate Dead             Necr           N/A          1%          4    None
 Cause Fear               Hex            #######...   1%          4    None
 Dispel Undead            Necr           #######.     1%          4    None
 Ice Form                 Ice/Tmut       #######.     1%          4    None
 Leda's Liquefaction      Hex/Erth       #######...   1%          4    None
 Agony                    Necr           #######.     1%          5    None
 Blade Hands              Tmut           ########..   1%          5    None
 Hydra Form               Tmut           ########..   1%          6    ###....
 Olgreb's Toxic Radiance  Pois           ######..     3%          4    None
 Irradiate                Conj/Tmut      #######...   4%          5    None
 Death Channel            Necr           #######...   4%          6    ###....
 Dragon Form              Tmut           ########..   4%          7    #####..
 Foxfire                  Conj/Fire      ####         5%          1    None
 Freeze                   Ice            ####         5%          1    None
 Magic Dart               Conj           ####         5%          1    None
 Summon Butterflies       Summ           ####....     5%          1    None
 Swiftness                Chrm/Air       #####...     5%          2    None
 Fulminant Prism          Conj/Hex       ######....   5%          4    None
 Invisibility             Hex            #######.     7%          6    ###....
 Blink                    Tloc           N/A          8%          2    None
 Call Imp                 Summ           ####....     8%          2    None
 Searing Ray              Conj           ####..       8%          2    None
 Silence                  Hex/Air        ######....   9%          5    None
 Static Discharge         Conj/Air       #####...     10%         3    None
 Excruciating Wounds      Chrm/Necr      ######....   10%         5    None
 Call Canine Familiar     Summ           ####....     13%         3    None
 Conjure Flame            Conj/Fire      ####....     13%         3    None
 Frozen Ramparts          Ice            ####..       13%         3    None
 Gell's Gravitas          Tloc           ####......   13%         3    None
 Ozocubu's Armour         Chrm/Ice       ####....     13%         3    None
 Recall                   Summ/Tloc      N/A          13%         3    None
 Metabolic Englaciation   Hex/Ice        ######....   13%         5    None
 Summon Mana Viper        Hex/Summ       ######..     13%         5    None
 Bolt of Magma            Conj/Fire/Erth ######....   16%         5    None
 Summon Lightning Spire   Summ/Air       #####...     28%         4    None
 Iron Shot                Conj/Erth      ######....   28%         6    ###....
 Hailstorm                Conj/Ice       ####....     38%         4    None
 Iskenderun's Mystic Bla  Conj/Tloc      ####....     38%         4    None
 Passage of Golubria      Tloc           N/A          38%         4    None
 Sticky Flame             Conj/Fire      ####....     38%         4    None
 Summon Ice Beast         Ice/Summ       ####....     38%         4    None
 Simulacrum               Ice/Necr       ######....   43%         6    ###....
 Lightning Bolt           Conj/Air       #####.....   58%         5    None
 Aura of Abjuration       Summ           ####......   71%         5    None
 Fireball                 Conj/Fire      ####......   71%         5    None
 Iskenderun's Battlesphe  Conj/Chrm      ####....     71%         5    None
 Summon Demon             Summ           ####......   71%         5    None
 Summon Forest            Summ/Tloc      ####......   71%         5    None
 Haunt                    Necr/Summ      ######....   92%         7    #####..
 Freezing Cloud           Conj/Ice/Air   #####.....   99%         6    ###....
 Ozocubu's Refrigeration  Ice            ####......   99%         6    ###....
 Shadow Creatures         Summ           N/A          99%         6    ###....
 Malign Gateway           Summ/Tloc      ####......   100%        7    #####..
 Orb of Destruction       Conj           ####......   100%        7    #####..
 Spellforged Servitor     Conj/Summ      ####......   100%        7    #####..
 Summon Hydra             Summ           ####......   100%        7    #####..
 Necromutation            Tmut/Necr      #######...   50%         8    ######.
 Borgnjor's Revivificati  Necr           #######...   80%         8    ######.
 Infestation              Necr           #######...   80%         8    ######.
 Death's Door             Chrm/Necr      ######....   100%        8    ######.
 Ignition                 Fire           ####......   100%        8    ######.
 Dragon's Call            Summ           ####......   100%        9    #######
 Shatter                  Erth           #######...   100%        9    #######
 Tornado                  Air            #####.....   100%        9    #######


Dungeon Overview and Level Annotations

Branches:
Dungeon (15/15)            Temple (0/1) D:6            Lair (6/6) D:11
 Shoals (4/4) Lair:2       Spider (4/4) Lair:2        Slime (0/5) Lair:5
    Orc (2/2) D:10            Elf (3/3) Orc:2        Vaults (4/5) D:14
  Crypt (0/3) Vaults:3     Depths (1/5) D:15         Bailey (visited)
  IceCv (visited)

Altars:
Ashenzari
Dithmenos
Fedhas
Gozag
Uskayaw
Xom
Yredelemnul
The Shining One
Jiyva

Shops:
D:9 [   D:12 ?   Orc:2 :=!%   Elf:3 [   Vaults:2 :   Vaults:3 ![=}

Annotations:
Lair:5 2 transporters, lorenzova's ghost, journeyman DECj
Lair:6 3 runed translucent doors, gruber's ghost, journeyman MfTm
Orc:2 2 runed translucent doors, exclusion: orange crystal statue
Elf:3 Donald


Innate Abilities, Weirdness & Mutations

You are very small and have problems with some larger weapons.
You are too small for most types of armour.
You have supernaturally acute eyesight. (SInv)
You are a herbivore.
You cover ground extremely quickly.
You need to consume almost no food.
You are very agile. (Dex +4)
Your flesh is heat resistant. (rF+)
Your spells are a little harder to cast, but a little more powerful.


Message History

The tengu warrior pecks you.
* * * LOW HITPOINT WARNING * * *
The tengu warrior misses you.
The yaktaur wields a +0 arbalest.
The yaktaur shoots a bolt.
The bolt hits the stone giant!!
The tengu reaver mumbles some strange words.
The tengu reaver conjures a globe of magical energy!
The stone giant misses you. The stone giant completely misses you.
You climb upwards.
Welcome back to the Dungeon!
The battlesphere dissipates.
There is a staircase to the Depths here.
You take 1 damage, and have 46/102 hp.
You puncture the tengu warrior!
The tengu warrior completely misses you. x2
The tengu warrior misses you.
The stone giant shouts!
You hit the tengu warrior.
Lightning courses through the tengu warrior!
The stone giant hits you!!
* * * LOW HITPOINT WARNING * * *
The stone giant hits you!!
You die...

......#(.#.......#...............
#######..#.......#...............
.........#########...............
........(........................
.................................
.................########......#.
####.........^..##.....###.8..##.
#...........##C......##...##..
#.......(...#@Q#####.....##...
#...#####...##C†.....#####....
####...# #....##.....##........
...(...# #.....#######.........
.......# #.....................
.......# #......########.......
(......# #......# #.......
####...# #......# #.......
#...#####......# #.......


You could see 2 stone giants and a tengu warrior.

Levels and vault maps discovered:
D:1:      tarquinn_simple_flora_water_f, layout_basic
D:2:      layout_basic, uniq_jessica, uniq_natasha
D:3:      layout_basic, minmay_vboxes
D:4:      layout_basic, uniq_edmund
D:5:      layout_cave_pods, first_ration
D:6:      layout_basic, nicolae_overflow_crystal_walls,
          grunt_dithmenos_smoke_and_mirrors, temple_statues
D:7:      layout_loops_ring, kennysheep_little_box,
          gammafunk_ghost_gnarly_gnolls
D:8:      layout_basic, fedhas_altar_fruit_tree
D:9:      layout_roguey [special_room_orc], lemuel_crystal_altar,
          gammafunk_temple_overflow_arena, serial_shops, shop
D:10:     layout_basic, zombieorc2_lemuel, basic_altar,
          hangedman_pestilent_swarm, uniq_maurice
D:11:     layout_basic, lair_entry_dummy, portal_ice_cave_demonic_guard
D:12:     layout_basic, serial_rivers, chequers_serial_rivers_small_3,
          chequers_serial_rivers_micro_a, chequers_serial_rivers_micro_a,
          chequers_serial_rivers_micro_e, serial_shops, nicolae_shop_trees,
          uniq_rupert
D:13:     layout_basic, enter_bailey_2
D:14:     layout_long_grid, david_vaults_2, columned_hall_lemuel
D:15:     grunt_enter_depths_hoard, layout_irregular_city,
          corexii_hall_statues_x, skrybe_limestone_x, minmay_diced_spiral
Lair:1:   layout_chaotic_city, basic_altar, minmay_shattered_shrine
Lair:2:   layout_chaotic_city, minmay_shoals_entry_beasts,
          spider_nest_entry_rubble, minmay_lair_oklob_chamber, uniq_nergalle
Lair:3:   layout_gridlike, uniq_fannar, uniq_sonja
Lair:4:   layout_gridlike, minivault_19
Lair:5:   layout_regular_city, slime_altar_1, gammafunk_ghost_berserking_beasts,
          kennysheep_abandoned_house
Lair:6:   hangedman_lair_tendril_chambers, layout_loops_ring,
          guppyfry_lair_end_dragon, maelrawn_ghost_gauntlet_escape,
          kilobyte_rumbling_trees, infiniplex_staircase_pool
Shoals:1: layout_shoals, regret_index_shoals_crete
Shoals:2: cheibrodos_shoals_roost, layout_shoals, uniq_polyphemus
Shoals:3: layout_shoals
Shoals:4: shoals_end_hangedman, layout_shoals, uniq_roxanne
Spider:1: layout_spider_delve
Spider:2: gammafunk_the_bubble [the_bubble_gammafunk_plus_minus],
          nicolae_spider_webbed_stairs, nicolae_spider_cling_ruins
Spider:3: layout_spider_delve, uniq_aizul
Spider:4: grunt_spider_rune_circles
Orc:1:    layout_caves
Orc:2:    st_orc_rangers, layout_caves, chequers_guarded_unrand_ignorance
Elf:1:    minmay_elf_arrival_summoners, layout_onion_city,
          kennysheep_underground_church, corexii_checkpoint_a, minivault_19
Elf:2:    layout_loops_cross
Elf:3:    minmay_elf_hall_statues, layout_geoelf_octagon, serial_shops, shop,
          uniq_donald
Vaults:1: nicolae_vaults_inception_network, hangedman_vaults_corner_blocks,
          hangedman_vaults_nails, ontoclasm_vaults_misaligned,
          nicolae_vaults_little_squares_1, vaults_room_stairs_pillars,
          nicolae_vaults_yaktaur_gun_rack, layout_vaults_chaotic_city
Vaults:2: st_smaller_cells, ontoclasm_vaults_spin, ontoclasm_vaults_idyll,
          hangedman_vaults_stitches, nicolae_vaults_asterisk, v_alt_pattern_1,
          v_misc_11, nicolae_vaults_border_crossing,
          nicolae_vaults_little_squares_5, hangedman_vaults_cutoff,
          layout_vaults_omnigrid, serial_shops, shop_statue
Vaults:3: minmay_crypt_entry_simple_sparse, v_pattern_3,
          nicolae_vaults_angled_halls, hangedman_vaults_unwind,
          grunt_vaults_funnel, st_check, ontoclasm_vaults_gateway, v_rooms_3,
          vaults_room_semicircle, v_misc_9, vaults_room_pool,
          vaults_room_stairs_pillars, v_misc_28, ontoclasm_vaults_misaligned,
          layout_vaults_omnibox, serial_shops, bzr_entry_gold, shop_fountains,
          nicolae_shop_crystal, nicolae_shop_stone, shop, uniq_frederick
Vaults:4: hangedman_vaults_impose, v_misc_30, ontoclasm_vaults_shuriken,
          hangedman_vaults_slice, nicolae_vaults_network_s,
          hangedman_vaults_capsules, v_misc_15, nicolae_vaults_alarming,
          v_rooms_4, ontoclasm_vaults_twist, ontoclasm_vaults_fault,
          nicolae_vaults_rhombus_6, layout_vaults_ring
Depths:1: layout_cave_shapes, lightli_too_deep, minmay_misc_feat_ornament,
          abyss_entry, st_stairs_7, minmay_misc_feat_columns,
          ebering_dispersal_statue_hall, hex_medium, grunt_ministairs_3,
          minivault_1, chequers_jeans, kennysheep_doodads,
          evilmike_spriggan_trog_shrine, uniq_sojobo

Notes
Turn   | Place    | Note
-------+----------+-------------------------------------------
     0 | D:1      | lepoulpe303 the Spriggan Earth Elementalist began the quest
                  | for the Orb.
     0 | D:1      | Reached XP level 1. HP: 9/9 MP: 5/5
   101 | D:1      | Identified a +2 dagger of venom
   129 | D:1      | HP: 2/9 [poisoned by a kobold]
   535 | D:1      | Identified a +0 club
   571 | D:1      | Reached skill level 3 in Spellcasting
   571 | D:1      | Reached XP level 2. HP: 13/13 MP: 7/7
   575 | D:1      | Learned a level 2 spell: Passwall
   589 | D:1      | Identified a cursed -2 club
   807 | D:1      | Identified a cursed -3 spear
   818 | D:1      | Reached skill level 3 in Earth Magic
  1063 | D:1      | Reached XP level 3. HP: 16/16 MP: 8/8
  1068 | D:1      | Learned a level 3 spell: Stone Arrow
  1378 | D:2      | Reached skill level 1 in Short Blades
  1523 | D:2      | Noticed Natasha
  1546 | D:2      | Identified a +0 club
  1955 | D:2      | Identified a +0 club
  1955 | D:2      | Identified a +2 robe of positive energy
  1955 | D:2      | Noticed Jessica
  1956 | D:2      | Killed Jessica
  1956 | D:2      | Reached XP level 4. HP: 21/21 MP: 10/10
  2073 | D:2      | Identified a +0 club
  2299 | D:2      | Identified a +0 club
  2322 | D:2      | Killed Natasha
  2322 | D:2      | Reached skill level 4 in Spellcasting
  2621 | D:2      | Noticed Natasha
  2651 | D:2      | Killed Natasha
  2651 | D:2      | Reached skill level 4 in Dodging
  2905 | D:2      | Noticed Natasha
  2911 | D:2      | Killed Natasha
  2911 | D:2      | Reached skill level 4 in Stealth
  2911 | D:2      | Reached XP level 5. HP: 13/24 MP: 12/12
  2917 | D:2      | Learned a level 4 spell: Petrify
  3623 | D:3      | Reached skill level 2 in Short Blades
  3750 | D:3      | Identified a +0 dagger
  4358 | D:4      | Reached XP level 6. HP: 28/28 MP: 12/14
  4387 | D:4      | Identified a +0 leather armour
  4404 | D:4      | Reached skill level 4 in Earth Magic
  4525 | D:4      | Identified a +0 flail of holy wrath
  4525 | D:4      | Identified a +0 leather armour
  4525 | D:4      | Noticed Edmund
  4542 | D:4      | Identified 3 scrolls of identify
  4542 | D:4      | Identified a ring of stealth (You found it on level 3 of
                  | the Dungeon)
  4544 | D:4      | Identified 2 scrolls of teleportation
  4545 | D:4      | Identified 2 scrolls of remove curse
  4546 | D:4      | Identified a ring of protection from magic (You found it on
                  | level 3 of the Dungeon)
  4547 | D:4      | Identified a +0 dagger of freezing (You found it on level 4
                  | of the Dungeon)
  5156 | D:4      | Identified a cursed -2 spear
  5160 | D:4      | Identified a +0 whip
  5160 | D:4      | Identified a +0 leather armour
  5164 | D:4      | Identified a +0 flail
  5184 | D:4      | Identified a +0 club
  5185 | D:4      | Identified a +0 whip
  5248 | D:4      | Reached skill level 5 in Spellcasting
  5599 | D:4      | Killed Edmund
  5599 | D:4      | Reached skill level 5 in Dodging
  5599 | D:4      | Reached skill level 5 in Stealth
  5599 | D:4      | Reached XP level 7. HP: 32/32 MP: 11/16
  5716 | D:5      | Entered Level 5 of the Dungeon
  5720 | D:4      | Reached skill level 3 in Short Blades
  6024 | D:5      | Reached skill level 6 in Spellcasting
  6081 | D:5      | Identified a +0 club
  6081 | D:5      | Identified a +0 leather armour
  6085 | D:5      | Identified an uncursed amulet of regeneration
  6104 | D:5      | Identified a +0 flail
  6105 | D:5      | Identified a +0 flail of protection
  6105 | D:5      | Identified a +0 scale mail
  6436 | D:5      | Reached skill level 5 in Earth Magic
  6661 | D:5      | Identified a +0 vampiric hand axe
  6661 | D:5      | Identified a +0 leather armour
  6661 | D:5      | Identified a +0 hand axe
  6661 | D:5      | Identified a +0 ring mail
  6665 | D:5      | Identified a +0 dagger
  6666 | D:5      | Identified a +0 giant club
  6666 | D:5      | Identified a +0 hand axe
  6845 | D:5      | Learned a level 5 spell: Lee's Rapid Deconstruction
  6891 | D:6      | Reached skill level 6 in Stealth
  6891 | D:6      | Reached XP level 8. HP: 31/36 MP: 15/18
  6970 | D:6      | Got a thick robe
  6981 | D:6      | Identified the +0 robe of Hysteria {Harm rF- rCorr} (You
                  | found it on level 6 of the Dungeon)
  6982 | D:6      | Identified a +0 dagger
  6982 | D:6      | Identified a +0 robe
  6982 | D:6      | Identified a +0 leather armour
  6983 | D:6      | Found a shadowy altar of Dithmenos.
  6986 | D:6      | Became a worshipper of Dithmenos the Shadowed
  7043 | D:6      | Identified a cursed +2 spear
  7043 | D:6      | Identified a +0 ring mail
  7045 | D:6      | Identified a cursed +1 spear of venom
  7045 | D:6      | Identified a +0 robe
  7059 | D:6      | Identified a +0 club
  7059 | D:6      | Identified a +0 robe
  7060 | D:6      | Identified a +0 trident
  7060 | D:6      | Identified a +0 robe
  7167 | D:6      | Reached skill level 6 in Dodging
  7207 | D:6      | Learned a level 3 spell: Mephitic Cloud
  7220 | D:6      | Identified a +0 dagger
  7220 | D:6      | Identified a +0 robe
  7351 | D:6      | Identified a cursed +0 mace
  7351 | D:6      | Identified a +0 robe
  7359 | D:6      | Reached skill level 1 in Invocations
  7508 | D:6      | Found a glowing golden altar of the Shining One.
  7520 | D:6      | Reached skill level 1 in Poison Magic
  7745 | D:6      | Reached skill level 4 in Short Blades
  7745 | D:6      | Reached skill level 7 in Spellcasting
  7777 | D:6      | Reached skill level 2 in Invocations
  7852 | D:6      | Found a staircase to the Ecumenical Temple.
  7865 | D:6      | Identified a +0 whip
  7865 | D:6      | Identified a +0 dagger
  7865 | D:6      | Identified a +0 leather armour
  7866 | D:6      | Identified a +0 falchion of protection
  7894 | D:6      | Identified a +0 flail
  7936 | D:6      | Identified 4 potions of lignification
  7937 | D:6      | Identified 3 potions of curing
  7938 | D:6      | Identified 2 potions of mutation
  7939 | D:6      | Identified 2 potions of might
  7966 | D:6      | Identified a +0 whip
  7967 | D:6      | Identified a +0 mace
  8003 | D:6      | Identified a +0 scimitar
  8003 | D:6      | Identified a +0 chain mail
  8025 | D:6      | Reached skill level 2 in Poison Magic
  8242 | D:6      | Identified a +0 short sword
  8323 | D:6      | Reached skill level 6 in Earth Magic
  8439 | D:7      | Reached * piety under Dithmenos
  8439 | D:7      | Reached XP level 9. HP: 39/39 MP: 21/21
  8443 | D:7      | Learned a level 2 spell: Slow
  8518 | D:7      | Reached skill level 7 in Stealth
  8518 | D:7      | Identified a +0 giant spiked club
  8553 | D:7      | Found a shattered altar of Ashenzari.
  8673 | D:7      | Identified a +0 spear
  8673 | D:7      | Identified a +0 club
  8673 | D:7      | Identified a +0 halberd
  8675 | D:7      | Identified a +2 antimagic trident
  8675 | D:7      | Identified a +0 scale mail
  8675 | D:7      | Identified a +0 kite shield
  8675 | D:7      | Identified a +0 flail
  8686 | D:7      | Identified a +0 giant club
  8696 | D:7      | Reached skill level 3 in Invocations
  8700 | D:7      | Identified a +0 whip
  8700 | D:7      | Identified a +0 robe
  8700 | D:7      | Identified the ring of the Middle {+Inv rN+++ MP+9 Int-5
                  | Slay-5}
  8820 | D:7      | Reached skill level 3 in Poison Magic
  8951 | D:7      | Identified a +0 giant club
  8965 | D:7      | Identified a +2 spear of venom
  8965 | D:7      | Identified a +2 scale mail
  8965 | D:7      | Identified the +2 buckler of the Raven {MR+}
  9002 | D:7      | Reached skill level 7 in Dodging
  9005 | D:7      | Identified 3 potions of degeneration
  9016 | D:7      | Found a transporter.
  9069 | D:7      | Found a transporter.
  9203 | D:7      | Identified a +0 war axe
  9203 | D:7      | Identified a +2 vampiric halberd
  9203 | D:7      | Noticed Koltushi's ghost (novice GnCj)
  9247 | D:7      | Identified a +0 club
  9252 | D:8      | Identified a cursed -1 dagger
  9253 | D:8      | Identified a +0 club
  9253 | D:8      | Identified a +0 ring mail
  9253 | D:8      | Identified a +0 short sword
  9254 | D:8      | Identified a cursed +0 dagger
  9254 | D:8      | Identified a +0 robe
  9254 | D:8      | Identified a +0 flail
  9254 | D:8      | Identified a +0 club
  9254 | D:8      | Identified a +0 ring mail
  9260 | D:8      | Reached skill level 8 in Spellcasting
  9293 | D:8      | Identified a +0 flail
  9437 | D:8      | Identified a +0 shortbow
  9490 | D:8      | Identified a +0 dagger
  9491 | D:8      | Identified a +0 short sword
  9514 | D:8      | Identified a +2 dagger of venom
  9514 | D:8      | Identified a +1 robe of magic resistance
  9687 | D:8      | Identified 2 potions of haste
  9688 | D:8      | Identified 2 potions of magic
  9697 | D:8      | Identified a +0 dagger
  9700 | D:8      | Identified a +2 battleaxe of flaming
  9700 | D:8      | Identified a +0 plate armour
  9709 | D:8      | Identified a +0 dagger
  9715 | D:8      | Identified a +0 hand axe
  9725 | D:8      | Reached ** piety under Dithmenos
  9749 | D:8      | Reached skill level 4 in Invocations
  9787 | D:8      | Identified a +0 flail
  9788 | D:8      | Identified a +0 morningstar
  9788 | D:8      | Identified a cursed +0 dagger
  9788 | D:8      | Identified a cursed +0 robe
  9790 | D:8      | Identified a +0 dagger
  9790 | D:8      | Identified a +1 robe of cold resistance
  9860 | D:8      | Reached skill level 5 in Short Blades
  9873 | D:8      | Identified a +0 dagger
  9873 | D:8      | Identified a +0 robe
  9929 | D:8      | Reached skill level 4 in Poison Magic
 10060 | D:8      | Found a blossoming altar of Fedhas.
 10207 | D:8      | Identified a +0 giant club
 10418 | D:9      | Reached XP level 10. HP: 44/44 MP: 23/23
 10423 | D:9      | Found a transporter.
 10423 | D:9      | Identified a +0 dagger
 10425 | D:9      | Noticed a flayed ghost
 10427 | D:9      | Found a basalt altar of Yredelemnul.
 10460 | D:9      | Found a transporter.
 10496 | D:9      | Reached skill level 8 in Stealth
 10501 | D:9      | Identified a +0 mace
 10501 | D:9      | Noticed a gargoyle
 10503 | D:9      | Killed a gargoyle
 10503 | D:9      | Reached skill level 7 in Earth Magic
 10511 | D:9      | Identified a +0 dagger
 10511 | D:9      | Identified a +0 short sword
 10512 | D:9      | Identified a +2 dagger of venom
 10514 | D:9      | Identified a +1 dagger of flaming
 10633 | D:9      | Found an opulent altar of Gozag.
 10681 | D:9      | Reached skill level 1 in Fighting
 10785 | D:9      | Found Loohinu's Armour Emporium.
 10789 | D:9      | Identified 3 scrolls of blinking
 10790 | D:9      | Identified 3 scrolls of fog
 10818 | D:9      | Identified a +0 giant spiked club
 10943 | D:9      | Identified a +0 flail
 10943 | D:9      | Identified a +0 leather armour
 10943 | D:9      | Identified a +0 flail of protection
 10943 | D:9      | Identified a +0 chain mail
 10943 | D:9      | Identified a cursed -2 dire flail
 10943 | D:9      | Identified a cursed +0 plate armour
 10943 | D:9      | Identified a +0 flail
 10943 | D:9      | Identified a +0 glaive
 10943 | D:9      | Identified a +0 chain mail
 10943 | D:9      | Identified a +0 dagger
 10943 | D:9      | Identified a +0 leather armour
 10943 | D:9      | Identified a +0 whip
 10943 | D:9      | Identified a +0 ring mail
 10959 | D:9      | Identified a +0 flail
 10959 | D:9      | Identified a +0 ring mail
 10959 | D:9      | Identified a +2 trident of flaming
 10959 | D:9      | Identified a +0 plate armour
 10959 | D:9      | Identified a +0 short sword
 10959 | D:9      | Identified a +0 dagger
 10959 | D:9      | Identified a +1 hand axe of venom
 10959 | D:9      | Identified a +0 leather armour
 10959 | D:9      | Identified a +0 falchion
 10959 | D:9      | Identified a +0 short sword
 10959 | D:9      | Identified a +0 whip
 10959 | D:9      | Identified a +0 flail
 10959 | D:9      | Identified a +0 chain mail
 10959 | D:9      | Identified a +0 dagger
 10959 | D:9      | Identified a +0 ring mail
 10959 | D:9      | Identified a +0 mace
 10959 | D:9      | Identified a +0 chain mail
 10960 | D:9      | Identified a +0 falchion
 10965 | D:9      | HP: 10/45 [orc warrior/+0 flail of protection (27)]
 10971 | D:10     | Entered Level 10 of the Dungeon
 11050 | D:10     | Reached *** piety under Dithmenos
 11118 | D:10     | Reached skill level 8 in Dodging
 11118 | D:10     | Reached skill level 5 in Invocations
 11196 | D:10     | Identified a +0 giant club
 11216 | D:10     | HP: 10/46 [ogre/+0 giant club (33)]
 11298 | D:10     | Reached skill level 5 in Poison Magic
 11305 | D:10     | Reached skill level 9 in Spellcasting
 11308 | D:10     | Identified a cursed +0 flail
 11308 | D:10     | Identified a +0 ring mail
 11377 | D:10     | Found a glowing golden altar of the Shining One.
 11438 | D:10     | Identified a +0 shortbow
 11541 | D:10     | Identified 2 potions of flight
 11568 | D:9      | Identified a +0 flail
 11568 | D:9      | Identified a +0 scale mail
 11733 | D:9      | Identified a +0 club
 11740 | D:9      | Identified a +0 short sword
 11766 | D:9      | Reached **** piety under Dithmenos
 12125 | D:9      | Identified a +0 giant club
 12371 | D:10     | Reached skill level 2 in Fighting
 12401 | D:10     | Reached skill level 9 in Stealth
 12767 | D:10     | Found a staircase to the Orcish Mines.
 12852 | D:10     | Identified a +0 rapier
 12852 | D:10     | Noticed a deep elf mage
 12863 | D:10     | Killed a deep elf mage
 12863 | D:10     | Reached XP level 11. HP: 35/50 MP: 20/25
 13103 | D:10     | Identified a +0 dagger
 13103 | D:10     | Identified a +0 cloak of preservation
 13103 | D:10     | Noticed Maurice
 13110 | D:10     | Killed Maurice
 13110 | D:10     | Reached skill level 6 in Short Blades
 13110 | D:10     | Reached skill level 6 in Poison Magic
 13110 | D:10     | Reached skill level 6 in Invocations
 13313 | Orc:1    | Entered Level 1 of the Orcish Mines
 13392 | Orc:1    | Identified a +0 dagger
 13392 | Orc:1    | Identified a +0 leather armour
 13395 | Orc:1    | Identified a +0 short sword
 13395 | Orc:1    | Identified a +0 scale mail
 13396 | Orc:1    | Identified a +0 dagger
 13396 | Orc:1    | Identified a +0 robe
 13396 | Orc:1    | Identified a +0 club
 13396 | Orc:1    | Identified a +0 leather armour
 13398 | Orc:1    | Identified a +0 club
 13398 | Orc:1    | Identified a cursed +0 ring mail
 13398 | Orc:1    | Identified a +0 scimitar
 13398 | Orc:1    | Identified a +0 plate armour
 13400 | Orc:1    | Identified a cursed -2 dagger
 13400 | Orc:1    | Identified a +0 robe
 13401 | Orc:1    | Identified a +0 dagger
 13401 | Orc:1    | Identified a +0 robe
 13472 | Orc:1    | Identified a +0 dagger
 13472 | Orc:1    | Identified a +0 robe
 13483 | Orc:1    | HP: 9/51 [orc wizard/magic dart (9)]
 13614 | Orc:1    | Identified a +0 battleaxe
 13614 | Orc:1    | Identified a +0 plate armour
 13615 | Orc:1    | Identified a +0 dagger
 13615 | Orc:1    | Identified a +0 robe
 13615 | Orc:1    | Identified a +0 club
 13615 | Orc:1    | Identified a +0 scale mail
 13623 | Orc:1    | Identified a +0 club
 13623 | Orc:1    | Identified a +0 leather armour
 13624 | Orc:1    | Identified a +0 ring mail
 13624 | Orc:1    | Identified a +0 mace
 13625 | Orc:1    | Identified a +0 flail
 13625 | Orc:1    | Identified a +0 plate armour
 13625 | Orc:1    | Identified a +0 dagger
 13625 | Orc:1    | Identified a +0 robe
 13627 | Orc:1    | Identified a +0 club
 13630 | Orc:1    | Identified a +0 dagger
 13630 | Orc:1    | Identified a +0 robe
 13645 | Orc:1    | Identified a +0 trident
 13645 | Orc:1    | Identified a +0 chain mail
 13671 | Orc:1    | HP: 5/51 [orc priest/divine providence (13)]
 13754 | Orc:1    | Identified a +0 dagger
 13754 | Orc:1    | Identified a +0 robe
 13774 | Orc:1    | Reached ***** piety under Dithmenos
 13774 | Orc:1    | Reached skill level 8 in Earth Magic
 13779 | Orc:1    | Learned a level 3 spell: Confusing Touch
 13899 | Orc:1    | Identified a +0 flail
 13899 | Orc:1    | Identified a +0 chain mail
 13900 | Orc:1    | Identified a +0 leather armour
 13905 | Orc:1    | Identified a +0 mace
 14225 | D:11     | Noticed a brown ugly thing
 14228 | D:11     | Reached skill level 1 in Hexes
 14296 | D:11     | Identified a +0 war axe
 14375 | D:11     | Identified a +0 dagger
 14375 | D:11     | Identified a +0 robe
 14376 | D:11     | Identified a +0 leather armour
 14441 | D:11     | Identified 2 scrolls of amnesia
 14442 | D:11     | Identified 2 scrolls of enchant armour
 14443 | D:11     | Identified 2 scrolls of noise
 14473 | D:11     | Noticed a white ugly thing
 14475 | D:11     | Noticed a cyan ugly thing
 14489 | D:11     | Killed a white ugly thing
 14498 | D:11     | Killed a cyan ugly thing
 14498 | D:11     | Reached skill level 9 in Dodging
 14498 | D:11     | Reached skill level 2 in Hexes
 14525 | D:11     | Noticed a six-headed hydra
 14633 | D:11     | Found a staircase to the Lair.
 14718 | D:11     | Identified 2 scrolls of magic mapping
 14806 | D:11     | Found a frozen archway.
 14888 | IceCv    | Entered an ice cave
 14921 | IceCv    | Reached skill level 3 in Fighting
 15115 | IceCv    | Reached skill level 3 in Hexes
 15239 | IceCv    | Reached skill level 10 in Stealth
 15239 | IceCv    | Reached skill level 7 in Invocations
 15570 | IceCv    | HP: 13/52 [ice statue] (7)]
 15571 | IceCv    | HP: 5/52 [ice statue] (8)]
 16200 | IceCv    | Noticed an ice dragon
 16200 | IceCv    | Noticed an ice dragon
 16461 | IceCv    | Killed an ice dragon
 16461 | IceCv    | Reached skill level 4 in Hexes
 16461 | IceCv    | Reached XP level 12. HP: 52/56 MP: 14/26
 16564 | IceCv    | Killed an ice dragon
 16621 | IceCv    | Got a coiled ivory amulet
 16625 | IceCv    | Got a twitching tin ring
 16636 | IceCv    | Identified the amulet "Tupot" {Faith MP+9 Stlth+} (You
                  | found it in an ice cave)
 16638 | IceCv    | Identified a ring of protection from fire (You found it in
                  | an ice cave)
 16640 | IceCv    | Identified a ring of strength (You found it in an ice cave)
 16642 | IceCv    | Identified the ring "Jufeor" {+Fly EV+4} (You found it in
                  | an ice cave)
 16853 | D:11     | Killed a six-headed hydra
 17699 | D:11     | Reached skill level 10 in Spellcasting
 17768 | D:11     | Reached skill level 9 in Earth Magic
 17837 | D:11     | Identified a ring of dexterity (You found it on level 11 of
                  | the Dungeon)
 17839 | D:11     | Gained mutation: You are agile. (Dex +2) [potion of
                  | mutation]
 17839 | D:11     | Gained mutation: Your spells are a little harder to cast,
                  | but a little more powerful. [potion of mutation]
 17839 | D:11     | Gained mutation: You are very agile. (Dex +4) [potion of
                  | mutation]
 17839 | D:11     | Gained mutation: Your flesh is heat resistant. (rF+)
                  | [potion of mutation]
 17843 | Lair:1   | Entered Level 1 of the Lair of Beasts
 17876 | Lair:1   | Reached skill level 5 in Hexes
 17884 | Lair:1   | Reached skill level 7 in Short Blades
 18005 | Lair:1   | Found a shimmering altar of Xom.
 18482 | Lair:1   | Reached skill level 8 in Invocations
 18704 | Lair:1   | Noticed a death yak
 18709 | Lair:1   | Killed a death yak
 18717 | Lair:1   | Identified a ring of intelligence (You found it on level 1
                  | of the Lair of Beasts)
 18943 | Lair:1   | Reached skill level 10 in Dodging
 19168 | Lair:2   | Reached skill level 6 in Hexes
 19253 | Lair:2   | Noticed a five-headed hydra
 19263 | Lair:2   | Killed a five-headed hydra
 19267 | Lair:2   | Identified a ring of protection (You found it on level 2 of
                  | the Lair of Beasts)
 19776 | Lair:2   | Identified a potion of brilliance
 20048 | Lair:2   | Noticed a six-headed hydra
 20071 | Lair:2   | Killed a six-headed hydra
 20225 | Lair:2   | Found a staircase to the Shoals.
 20257 | Lair:2   | Reached skill level 7 in Hexes
 20318 | Lair:2   | Identified a +0 dagger
 20318 | Lair:2   | Identified a +0 robe
 20318 | Lair:2   | Noticed Nergalle
 20327 | Lair:2   | Killed Nergalle
 20327 | Lair:2   | Reached XP level 13. HP: 60/60 MP: 28/28
 20336 | Lair:2   | Found a hole to the Spider Nest.
 20650 | Lair:2   | Reached skill level 9 in Invocations
 20660 | Lair:2   | Learned a level 5 spell: Yara's Violent Unravelling
 21139 | Lair:3   | Identified a potion of berserk rage
 21215 | Lair:3   | Reached skill level 2 in Transmutations
 21219 | Lair:3   | Identified a +0 quarterstaff of freezing
 21219 | Lair:3   | Identified a +2 robe of cold resistance
 21219 | Lair:3   | Identified an uncursed ring of ice
 21219 | Lair:3   | Noticed Fannar
 21273 | Lair:3   | Killed Fannar
 21292 | Lair:3   | Identified an amulet of inaccuracy (You found it on level 3
                  | of the Lair of Beasts)
 21469 | Lair:3   | Identified 2 scrolls of fear
 21470 | Lair:3   | Identified a scroll of holy word
 21700 | Lair:3   | Identified a +2 short sword of draining
 21700 | Lair:3   | Noticed Sonja
 21707 | Lair:3   | Killed Sonja
 21707 | Lair:3   | Reached skill level 8 in Short Blades
 21707 | Lair:3   | Reached skill level 3 in Transmutations
 21707 | Lair:3   | Reached skill level 10 in Earth Magic
 22697 | Lair:4   | Reached skill level 4 in Transmutations
 22907 | Lair:4   | Reached ****** piety under Dithmenos
 22916 | Lair:4   | Reached skill level 11 in Spellcasting
 23152 | Lair:5   | Reached skill level 11 in Dodging
 23157 | Lair:5   | Found a transporter.
 23176 | Lair:5   | Identified 3 scrolls of immolation
 23252 | D:11     | Identified a potion of resistance
 23253 | D:11     | Identified 2 potions of ambrosia
 23254 | D:11     | Identified 3 scrolls of enchant weapon
 23644 | Lair:5   | Found a viscous altar of Jiyva.
 23644 | Lair:5   | Found a staircase to the Slime Pits.
 24022 | Lair:5   | Reached skill level 5 in Transmutations
 24184 | Lair:5   | Found a transporter.
 24188 | Lair:5   | Noticed lorenzova's ghost (journeyman DECj)
 24360 | Lair:6   | Entered Level 6 of the Lair of Beasts
 24622 | Lair:6   | Reached skill level 8 in Hexes
 24915 | Lair:6   | Reached skill level 10 in Invocations
 25239 | Lair:6   | Reached skill level 6 in Transmutations
 25429 | Lair:6   | Reached XP level 14. HP: 65/65 MP: 30/30
 25590 | Lair:6   | Reached skill level 4 in Fighting
 25967 | Lair:6   | Identified a potion of invisibility
 25968 | Lair:6   | Identified 2 potions of cancellation
 25969 | Lair:6   | Identified a scroll of random uselessness
 26154 | Lair:6   | Identified a scroll of vulnerability
 26265 | Lair:6   | Found a runed translucent gate.
 26265 | Lair:6   | Found a runed translucent gate.
 26265 | Lair:6   | Found a runed translucent gate.
 26266 | Lair:6   | Identified a +2 plate armour of magic resistance
 26329 | Lair:6   | Noticed gruber's ghost (journeyman MfTm)
 26480 | Lair:6   | Reached skill level 7 in Transmutations
 26488 | Lair:6   | Learned a level 6 spell: Statue Form
 26892 | Lair:6   | Identified +0 fire dragon scales
 26918 | Lair:6   | Identified +0 swamp dragon scales
 26918 | Lair:6   | Reached skill level 9 in Short Blades
 27293 | Lair:6   | Got an encrusted dagger
 27294 | Lair:6   | Identified the +2 dagger of Uskayaw {vorpal, MR+} (You
                  | found it on level 6 of the Lair of Beasts)
 27726 | Orc:2    | Entered Level 2 of the Orcish Mines
 27726 | Orc:2    | Found a staircase to the Elven Halls.
 27726 | Orc:2    | Identified a +2 battleaxe of distortion
 27726 | Orc:2    | Identified a +0 chain mail
 27726 | Orc:2    | Identified a +0 dagger
 27726 | Orc:2    | Identified a +0 club
 27726 | Orc:2    | Identified a +0 hand axe
 27726 | Orc:2    | Identified a +0 chain mail
 27726 | Orc:2    | Identified a +0 short sword
 27726 | Orc:2    | Identified a +0 falchion
 27726 | Orc:2    | Identified a +0 scale mail
 27726 | Orc:2    | Identified a +0 short sword
 27726 | Orc:2    | Identified a +0 ring mail
 27726 | Orc:2    | Identified a +0 club
 27726 | Orc:2    | Identified a +0 flail
 27726 | Orc:2    | Identified a +0 leather armour
 27739 | Orc:2    | Identified a cursed -1 club
 27739 | Orc:2    | Identified a +0 ring mail
 27739 | Orc:2    | Identified a +0 war axe
 27739 | Orc:2    | Identified a +0 plate armour
 27742 | Orc:2    | Identified a +0 war axe
 27742 | Orc:2    | Identified a +0 leather armour
 27742 | Orc:2    | Identified a +0 dagger
 27742 | Orc:2    | Identified a +0 robe
 27744 | Orc:2    | Identified a +0 giant spiked club
 27850 | Orc:2    | Identified a +0 long sword
 27850 | Orc:2    | Identified a +0 chain mail
 27850 | Orc:2    | Identified a cursed -3 short sword
 27850 | Orc:2    | Identified a +0 leather armour
 27900 | Orc:2    | Identified a +0 giant club
 27900 | Orc:2    | Identified a cursed -1 scimitar
 27900 | Orc:2    | Identified a +0 chain mail
 27900 | Orc:2    | Identified a +0 trident
 27900 | Orc:2    | Identified a +0 falchion
 27971 | Orc:2    | Identified a +0 shortbow
 27972 | Orc:2    | Identified a +0 short sword
 27977 | Orc:2    | Identified a +0 shortbow
 27986 | Orc:2    | Identified a +0 club
 27987 | Orc:2    | Identified a +0 shortbow
 27987 | Orc:2    | Identified a +0 glaive
 27987 | Orc:2    | Identified a +0 arbalest
 27988 | Orc:2    | Identified a +0 shortbow
 27993 | Orc:2    | Identified a +0 mace
 27993 | Orc:2    | Identified a +0 arbalest
 28202 | Orc:2    | Identified a +0 great mace
 28202 | Orc:2    | Identified a +0 arbalest
 28237 | Orc:2    | Identified a +0 shortbow
 28258 | Orc:2    | Identified a +0 short sword
 28258 | Orc:2    | Identified a +0 chain mail
 28260 | Orc:2    | Identified a +0 short sword
 28260 | Orc:2    | Identified a +0 chain mail
 28261 | Orc:2    | Identified a +0 trident
 28261 | Orc:2    | Identified a +0 arbalest
 28306 | Orc:2    | Identified a +0 halberd
 28306 | Orc:2    | Identified a +0 chain mail
 28311 | Orc:2    | Identified a +0 glaive
 28311 | Orc:2    | Identified a +0 arbalest
 28314 | Orc:2    | Identified a +0 hand axe
 28314 | Orc:2    | Identified a cursed +0 chain mail
 28316 | Orc:2    | Identified a +0 battleaxe
 28316 | Orc:2    | Identified a +0 plate armour
 28319 | Orc:2    | Identified a +0 club
 28319 | Orc:2    | Identified a +0 ring mail
 28320 | Orc:2    | Identified a cursed -1 short sword
 28320 | Orc:2    | Identified a +0 shortbow
 28320 | Orc:2    | Identified a +0 mace
 28320 | Orc:2    | Identified a +0 trident
 28320 | Orc:2    | Identified a +0 arbalest
 28320 | Orc:2    | Identified a +0 mace
 28320 | Orc:2    | Identified a cursed -3 arbalest
 28322 | Orc:2    | Identified a +0 dagger
 28322 | Orc:2    | Identified a +0 robe
 28331 | Orc:2    | Identified a +0 trident
 28331 | Orc:2    | Identified a +0 arbalest
 28331 | Orc:2    | Identified a +0 glaive
 28331 | Orc:2    | Identified a +0 arbalest
 28465 | Orc:1    | Reached skill level 11 in Earth Magic
 28655 | Orc:2    | Found a runed translucent door.
 28676 | Orc:2    | Identified a +0 war axe
 28676 | Orc:2    | Identified a +0 chain mail
 28714 | Orc:2    | Identified a +0 mace
 28714 | Orc:2    | Identified a +0 plate armour
 28742 | Orc:2    | Identified a +0 hand axe
 28742 | Orc:2    | Identified a +0 scale mail
 28745 | Orc:2    | Identified a +0 flail
 28747 | Orc:2    | Identified a +0 club
 28747 | Orc:2    | Identified a +0 hand axe
 28747 | Orc:2    | Identified a +0 plate armour
 28774 | Orc:2    | Identified a +0 giant club
 28780 | Orc:2    | Identified a +0 battleaxe
 28780 | Orc:2    | Identified a +0 arbalest
 28789 | Orc:2    | Identified a +0 giant spiked club
 28868 | Orc:2    | Identified a +0 shortbow
 28870 | Orc:2    | Identified a +0 broad axe
 28870 | Orc:2    | Identified a +0 arbalest
 28870 | Orc:2    | Identified a +0 battleaxe
 28870 | Orc:2    | Identified a +0 arbalest
 28885 | Orc:2    | Identified a +0 great mace
 28885 | Orc:2    | Identified a +0 arbalest
 28885 | Orc:2    | Identified a +0 broad axe
 28885 | Orc:2    | Identified a +0 arbalest
 28885 | Orc:2    | Identified a +0 hand axe
 28885 | Orc:2    | Identified a +0 arbalest
 28886 | Orc:2    | Identified a +0 shortbow
 28892 | Orc:2    | Identified a +0 shortbow
 28893 | Orc:2    | Identified a +0 shortbow
 28918 | Orc:2    | Identified a +0 dire flail
 28918 | Orc:2    | Identified a +0 dire flail
 28950 | Orc:2    | HP: 4/67 [orc warrior/bolt (32)]
 29251 | Orc:2    | Identified a +0 glaive
 29251 | Orc:2    | Identified a +0 arbalest
 29256 | Orc:2    | Identified a +0 dire flail
 29256 | Orc:2    | Identified a +0 chain mail
 29265 | Orc:2    | Identified a cursed -1 mace
 29265 | Orc:2    | Identified a +0 plate armour
 29272 | Orc:2    | Identified a +0 flail
 29280 | Orc:2    | Identified a +0 scimitar
 29280 | Orc:2    | Identified a +0 plate armour
 29282 | Orc:2    | Identified a +0 dagger
 29283 | Orc:2    | Identified a +0 hand axe
 29458 | Orc:2    | Identified a +0 glaive
 29458 | Orc:2    | Identified a +0 arbalest
 29490 | Orc:2    | Identified a +0 battleaxe
 29490 | Orc:2    | Identified a cursed +0 plate armour
 29491 | Orc:2    | Identified a cursed +0 dagger
 29491 | Orc:2    | Identified a +0 robe
 29494 | Orc:2    | Identified a +1 dagger of venom
 29494 | Orc:2    | Identified a +0 robe
 29622 | Orc:2    | Identified a +0 hand axe
 29622 | Orc:2    | Identified a +0 arbalest
 29644 | Orc:2    | Identified a +0 club
 29646 | Orc:2    | Identified a +0 whip
 29647 | Orc:2    | Identified a +0 halberd
 29647 | Orc:2    | Identified a +0 chain mail
 29647 | Orc:2    | Identified a +0 scale mail
 29648 | Orc:2    | Identified a +0 hand axe
 29648 | Orc:2    | Identified a +0 arbalest
 29804 | Orc:2    | Found the +10 tower shield of Ignorance {rN+ Int-4}
 29880 | Orc:2    | Found a runed translucent door.
 29995 | Orc:2    | Identified a +0 glaive
 29995 | Orc:2    | Identified a +0 arbalest
 30036 | Orc:2    | Found Aloesoyh's Distillery.
 30036 | Orc:2    | Found Lurrexaw's Jewellery Emporium.
 30038 | Orc:2    | Found Noorhool's Book Shoppe.
 30040 | Orc:2    | Found Gaazukke's Food Boutique.
 30044 | Orc:2    | Bought a potion of invisibility for 104 gold pieces
 30044 | Orc:2    | Bought a potion of invisibility for 104 gold pieces
 30044 | Orc:2    | Bought a potion of heal wounds for 65 gold pieces
 30175 | Orc:1    | Identified a cursed -1 dagger
 30175 | Orc:1    | Identified a +0 robe
 30175 | Orc:1    | Identified a +0 hand axe
 30175 | Orc:1    | Identified a +0 dagger
 30175 | Orc:1    | Identified a cursed +0 robe
 30175 | Orc:1    | Identified a +0 dagger
 30175 | Orc:1    | Identified a +0 robe
 30175 | Orc:1    | Identified a +0 dagger
 30175 | Orc:1    | Identified a +0 robe
 30175 | Orc:1    | Identified a cursed -2 dagger
 30175 | Orc:1    | Identified a +0 leather armour
 30175 | Orc:1    | Identified a +0 whip
 30182 | Orc:1    | Identified a +0 dagger
 30182 | Orc:1    | Identified a +0 leather armour
 30473 | Orc:1    | Identified a +0 dagger
 30473 | Orc:1    | Identified a +0 robe
 30480 | Orc:1    | Identified a +0 trident
 30480 | Orc:1    | Identified a +4 chain mail
 30480 | Orc:1    | Identified a +0 trident
 30480 | Orc:1    | Identified a +0 leather armour
 30692 | D:12     | Identified a +0 flail
 30692 | D:12     | Identified a +0 leather armour
 30695 | D:12     | Identified a +0 glaive
 30695 | D:12     | Identified a +0 chain mail
 30695 | D:12     | Identified a +0 dagger
 30695 | D:12     | Identified a +0 robe
 30840 | D:12     | Reached skill level 8 in Transmutations
 30889 | D:12     | Reached skill level 9 in Hexes
 30920 | D:12     | Identified a +0 battleaxe
 30920 | D:12     | Identified a +0 chain mail
 30975 | D:12     | Found Uhit's Magic Scroll Shop.
 31009 | D:12     | Bought a scroll of blinking for 90 gold pieces
 31009 | D:12     | Bought a scroll of teleportation for 36 gold pieces
 31009 | D:12     | Bought a scroll of magic mapping for 42 gold pieces
 31199 | D:12     | Identified a +2 battleaxe of freezing
 31199 | D:12     | Identified a +0 leather armour
 31199 | D:12     | Noticed Rupert
 31203 | D:12     | Killed Rupert
 31203 | D:12     | Reached skill level 12 in Dodging
 31444 | D:12     | Reached skill level 11 in Invocations
 31609 | D:12     | Identified a cursed +0 flail
 31609 | D:12     | Identified a cursed -1 robe
 31702 | D:12     | You fall into a shaft and drop 3 floors!
 31702 | D:15     | Entered Level 15 of the Dungeon
 31811 | D:15     | Identified a +0 dagger
 31811 | D:15     | Identified a +0 robe
 31815 | D:15     | Identified a +0 longbow
 31820 | D:15     | Identified a +0 shortbow
 31821 | D:15     | Identified a +0 shortbow
 32002 | D:15     | Identified a +0 flail
 32002 | D:15     | Identified a +1 chain mail of cold resistance
 32003 | D:15     | Identified a +3 great sword
 32003 | D:15     | Identified a +0 chain mail
 32032 | D:15     | Reached skill level 5 in Fighting
 32191 | D:15     | Reached XP level 15. HP: 72/72 MP: 31/31
 32249 | D:15     | Reached skill level 9 in Transmutations
 32251 | D:15     | Found a staircase to the Depths.
 32255 | D:15     | HP: 16/72 [ice dragon/blast of cold (56)]
 32567 | D:15     | Identified +0 ice dragon scales
 32725 | D:15     | Identified a +0 longbow
 32725 | D:15     | Identified a +0 shortbow
 32726 | D:15     | Identified a +0 shortbow
 32727 | D:15     | Identified a +0 shortbow
 32880 | D:15     | Identified a +0 shortbow
 33310 | D:15     | Identified a cursed +0 robe (You found it on level 15 of
                  | the Dungeon)
 33459 | D:14     | Reached skill level 12 in Spellcasting
 33584 | D:14     | Identified a +0 shortbow
 33588 | D:14     | Identified a +0 shortbow
 33588 | D:14     | Identified a +0 shortbow
 33589 | D:14     | Identified a +4 shortbow
 33723 | D:14     | Identified a +0 shortbow
 33726 | D:14     | Found a gate to the Vaults.
 33752 | D:14     | Identified a +0 dagger
 33782 | D:14     | Identified a +2 dagger of venom
 33782 | D:14     | Identified a +0 robe
 33812 | D:14     | Identified a +0 dagger of protection
 33812 | D:14     | Identified a +0 leather armour
 34086 | D:14     | Identified a cursed -3 shortbow
 34087 | D:14     | Identified a +0 shortbow
 34089 | D:14     | Identified a +0 shortbow
 34090 | D:14     | Identified a +0 shortbow
 34093 | D:14     | Identified a +0 shortbow
 34163 | D:14     | Identified a +0 hand crossbow
 34168 | D:14     | Identified a cursed -2 giant club
 34279 | D:14     | Identified a +0 scimitar of flaming
 34602 | D:14     | Identified a +0 dagger
 34602 | D:14     | Identified a +0 robe
 34602 | D:14     | Identified a +0 club
 34602 | D:14     | Identified a +0 mace
 34602 | D:14     | Identified a +0 ring mail
 34604 | D:14     | Identified a +0 flail
 34604 | D:14     | Identified a +0 leather armour
 34611 | D:14     | Identified a +0 short sword
 34747 | D:13     | Identified a +0 whip
 34747 | D:13     | Identified a cursed +0 scale mail
 34774 | D:13     | Identified a +0 troll leather armour
 34787 | D:13     | Found a flagged portal.
 34796 | Bailey   | Entered a bailey
 34804 | Bailey   | Identified a +0 war axe
 34804 | Bailey   | Identified a +0 chain mail
 34804 | Bailey   | Noticed an orc warlord
 34816 | Bailey   | Identified a +0 hand axe
 34816 | Bailey   | Identified a +0 leather armour
 34819 | Bailey   | Identified a +0 hand axe
 34819 | Bailey   | Identified a +0 leather armour
 34819 | Bailey   | Identified a +0 hand axe
 34819 | Bailey   | Identified a +0 leather armour
 34821 | Bailey   | Identified a cursed -2 hand axe
 34821 | Bailey   | Identified a +0 leather armour
 34836 | Bailey   | Identified a +0 war axe
 34836 | Bailey   | Identified a +0 ring mail
 34860 | Bailey   | Identified a +0 hand axe
 34860 | Bailey   | Identified a +0 leather armour
 34861 | Bailey   | Identified a +0 war axe
 34861 | Bailey   | Identified a +0 scale mail
 34862 | Bailey   | Identified a +0 hand axe
 34862 | Bailey   | Identified a +0 leather armour
 34891 | Bailey   | Identified a +0 hand axe
 34891 | Bailey   | Identified a +0 leather armour
 34896 | Bailey   | Found a runed translucent gate.
 34896 | Bailey   | Found a runed translucent gate.
 34921 | Bailey   | Found a runed translucent gate.
 34925 | Bailey   | Identified a +0 war axe
 34925 | Bailey   | Identified a +0 scale mail
 34929 | Bailey   | Identified a +0 hand axe
 34929 | Bailey   | Identified a +0 ring mail
 34950 | Bailey   | Identified a +0 hand axe
 34950 | Bailey   | Identified a +0 leather armour
 35079 | Bailey   | Killed an orc warlord
 35191 | Bailey   | Identified 2 scrolls of brand weapon
 35192 | Bailey   | Identified a potion of experience
 35193 | Bailey   | Reached skill level 4 in Armour
 35193 | Bailey   | Reached XP level 16. HP: 76/76 MP: 33/33
 35200 | Bailey   | Reached skill level 6 in Armour
 35200 | Bailey   | Reached XP level 17. HP: 80/80 MP: 34/34
 35358 | D:13     | Identified a +0 trident
 35358 | D:13     | Identified a +0 plate armour
 35359 | D:13     | Identified a cursed -1 hand axe
 35359 | D:13     | Identified a +0 scale mail
 35360 | D:13     | Identified a +0 ring mail
 35360 | D:13     | Identified a +0 club
 35360 | D:13     | Identified a +0 leather armour
 35361 | D:13     | Identified a +0 flail
 35363 | D:13     | Identified a +0 mace
 35366 | D:13     | Identified a +0 dagger
 35366 | D:13     | Identified a +0 robe
 35389 | D:13     | Identified 2 potions of stabbing
 35452 | D:13     | Identified a +0 mace
 35452 | D:13     | Identified a +0 leather armour
 35457 | D:13     | Identified a +0 dagger
 35457 | D:13     | Identified a cursed +0 robe
 35458 | D:13     | Identified a +0 mace
 35458 | D:13     | Identified a +0 chain mail
 35463 | D:13     | Identified a +0 falchion
 35463 | D:13     | Identified a +0 leather armour
 35509 | D:13     | Identified a +0 giant club
 35574 | D:13     | Identified a +0 giant club
 35788 | D:13     | Identified a +0 shortbow
 35803 | D:13     | Identified a ring of attention (You found it on level 13 of
                  | the Dungeon)
 35976 | D:13     | Identified a cursed +0 great sword
 35976 | D:13     | Identified a +0 robe
 35977 | D:13     | Identified a +3 long sword
 35977 | D:13     | Identified a +0 robe
 35977 | D:13     | Identified a +1 spear of flaming
 35977 | D:13     | Identified a +0 robe
 35985 | D:13     | Identified a +0 flail
 35994 | D:13     | Identified a +0 club
 35999 | D:13     | Identified a +0 flail
 36087 | D:13     | Identified a +0 troll leather armour
 36111 | D:13     | Identified a +0 mace
 36304 | D:12     | Identified a +3 great sword
 36304 | D:12     | Identified a +0 robe
 36305 | D:12     | Identified a +2 great sword
 36305 | D:12     | Identified a +0 robe
 36305 | D:12     | Identified a +3 flail
 36305 | D:12     | Identified a +0 robe
 37097 | Spider:1 | Entered Level 1 of the Spider Nest
 37542 | Spider:1 | Reached skill level 10 in Transmutations
 37662 | Spider:1 | HP: 19/80 [jumping spider (8)]
 38344 | Spider:1 | Reached skill level 10 in Short Blades
 39000 | Spider:2 | Reached skill level 10 in Hexes
 39014 | Spider:2 | Learned a level 5 spell: Borgnjor's Vile Clutch
 39115 | Spider:2 | Reached skill level 12 in Earth Magic
 39354 | Spider:2 | Found a transporter.
 39457 | Spider:2 | HP: 20/105 [torpor snail (13)]
 39497 | Spider:2 | HP: 20/81 [poisoned by a redback]
 39502 | Spider:2 | HP: 13/81 [poisoned by a redback]
 39507 | Spider:2 | HP: 8/81 [poisoned by a redback]
 39512 | Spider:2 | HP: 7/81 [poisoned by a redback]
 39518 | Spider:2 | HP: 5/81 [poisoned by a redback]
 39524 | Spider:2 | HP: 6/81 [poisoned by a redback]
 39530 | Spider:2 | HP: 8/81 [poisoned by a redback]
 39538 | Spider:2 | HP: 11/81 [poisoned by a redback]
 39715 | Spider:2 | Reached skill level 13 in Dodging
 39776 | Spider:2 | Found a transporter.
 39831 | Spider:2 | Identified 2 scrolls of torment
 39887 | Spider:2 | Reached skill level 12 in Invocations
 39935 | Spider:2 | Reached skill level 11 in Transmutations
 40114 | Spider:2 | Identified the ring of Hiraac {+Fly rC++ Str+4 Int-2 Dex+4}
                  | (You found it on level 2 of the Spider Nest)
 40184 | Spider:3 | Noticed an entropy weaver
 40198 | Spider:2 | Killed an entropy weaver
 40253 | Spider:3 | Identified an amulet of the acrobat (You found it on level
                  | 3 of the Spider Nest)
 40357 | Spider:3 | Noticed Aizul
 40378 | Spider:3 | Killed Aizul
 40383 | Spider:3 | Reached skill level 6 in Fighting
 41611 | Spider:4 | Entered Level 4 of the Spider Nest
 41613 | Spider:4 | Reached XP level 18. HP: 86/86 MP: 35/35
 42217 | Spider:4 | Noticed an entropy weaver
 42351 | Spider:3 | Killed an entropy weaver
 42963 | Spider:4 | Noticed an entropy weaver
 43021 | Spider:4 | Killed an entropy weaver
 43338 | Spider:4 | Reached skill level 1 in Evocations
 43358 | Spider:4 | Reached skill level 12 in Transmutations
 43856 | Spider:4 | Reached skill level 2 in Evocations
 44080 | Spider:4 | Reached skill level 7 in Armour
 44080 | Spider:4 | Reached skill level 13 in Spellcasting
 44258 | Spider:4 | Got a gossamer rune of Zot
 44325 | Spider:4 | Reached skill level 3 in Evocations
 45013 | Shoals:1 | Entered Level 1 of the Shoals
 45294 | Shoals:1 | Identified a +0 spear
 45321 | Shoals:1 | Identified a +0 club
 45321 | Shoals:1 | Identified a +0 hunting sling
 45407 | Shoals:1 | Identified a +0 spear
 45417 | Shoals:1 | Identified a +0 war axe
 45417 | Shoals:1 | Identified a +0 leather armour
 45609 | Shoals:1 | Found a hide-covered altar of Uskayaw.
 45609 | Shoals:1 | Identified a +5 vorpal spear
 45609 | Shoals:1 | Identified a +0 leather armour
 45612 | Shoals:1 | Identified a +1 hand axe of freezing
 45612 | Shoals:1 | Identified a +0 leather armour
 45612 | Shoals:1 | Identified a +0 plate armour
 45640 | Shoals:1 | Identified a +0 club
 45640 | Shoals:1 | Identified a +0 hunting sling
 45922 | Shoals:1 | Identified a +0 trident
 45933 | Shoals:1 | Reached skill level 4 in Evocations
 45934 | Shoals:1 | Identified a +0 quarterstaff
 45934 | Shoals:1 | Identified a cursed +0 hunting sling
 45969 | Shoals:1 | Reached skill level 11 in Hexes
 45981 | Shoals:1 | Identified a +0 trident
 46057 | Shoals:1 | Identified a +0 trident
 46077 | Shoals:1 | Identified a +0 war axe
 46077 | Shoals:1 | Identified a +0 leather armour
 46111 | Shoals:1 | Identified a +0 quarterstaff
 46111 | Shoals:1 | Identified a +0 hunting sling
 46385 | Shoals:1 | Identified a +0 quarterstaff
 46385 | Shoals:1 | Identified a -2 longbow
 46385 | Shoals:1 | Identified a +0 quarterstaff
 46385 | Shoals:1 | Identified a +0 hunting sling
 46438 | Shoals:1 | HP: 16/86 [harpy (12)]
 46443 | Shoals:1 | HP: 13/86 [poisoned by a sea snake]
 46448 | Shoals:1 | HP: 9/86 [poisoned by a sea snake]
 46453 | Shoals:1 | HP: 7/86 [poisoned by a sea snake]
 46652 | Shoals:2 | Identified a +0 shortbow
 46778 | Shoals:2 | Identified a +2 spear of flaming
 46778 | Shoals:2 | Identified a +0 leather armour
 46910 | Shoals:2 | Identified a +0 spear
 46940 | Shoals:2 | Identified a +0 trident
 47055 | Shoals:2 | Reached skill level 13 in Earth Magic
 47055 | Shoals:2 | Reached skill level 5 in Evocations
 47135 | Shoals:2 | Reached skill level 14 in Dodging
 47278 | Shoals:2 | Noticed Polyphemus
 47516 | Shoals:2 | Killed Polyphemus
 47829 | Shoals:3 | Identified a +1 trident of protection
 47831 | Shoals:3 | Identified a +0 club
 47831 | Shoals:3 | Identified a +0 hunting sling
 47832 | Shoals:3 | Identified a +0 spear
 47832 | Shoals:3 | Identified a +0 hunting sling
 47836 | Shoals:3 | Identified a +0 spear
 47836 | Shoals:3 | Identified a +0 hunting sling
 48006 | Shoals:3 | HP: 18/86 [water nymph/the raging water (17)]
 48137 | Shoals:3 | Reached skill level 13 in Transmutations
 48178 | Shoals:3 | Identified a +0 trident
 48204 | Shoals:3 | Identified a +0 spear
 48249 | Shoals:3 | Reached skill level 6 in Evocations
 48249 | Shoals:3 | Reached XP level 19. HP: 44/90 MP: 37/37
 48680 | Shoals:4 | Entered Level 4 of the Shoals
 48683 | Shoals:4 | Identified a +0 spear
 48683 | Shoals:4 | Identified a +0 leather armour
 48684 | Shoals:4 | Identified a +0 spear
 48684 | Shoals:4 | Identified a +0 leather armour
 48685 | Shoals:4 | Identified a +0 vorpal spear
 48685 | Shoals:4 | Identified a +0 leather armour
 48685 | Shoals:4 | Identified a +0 trident
 48782 | Shoals:4 | Identified a +0 trident of venom
 48785 | Shoals:4 | Identified a +0 spear
 48877 | Shoals:4 | Identified a +1 vampiric trident
 48877 | Shoals:4 | Identified a +0 leather armour
 48882 | Shoals:4 | Identified a +0 quarterstaff
 48882 | Shoals:4 | Identified a +0 longbow
 49059 | Shoals:4 | Identified a +0 spear
 49064 | Shoals:4 | Identified a +0 trident of venom
 49064 | Shoals:4 | Identified a +0 leather armour
 49065 | Shoals:4 | Identified a +0 trident
 49068 | Shoals:4 | Identified a +0 trident
 49093 | Shoals:3 | Reached skill level 1 in Necromancy
 49262 | Shoals:4 | Identified a +2 demon trident of freezing
 49262 | Shoals:4 | Identified a +0 leather armour
 49530 | Shoals:4 | Reached skill level 2 in Necromancy
 49592 | Shoals:4 | Identified a +0 battleaxe
 49592 | Shoals:4 | Identified a +0 leather armour
 49780 | Shoals:4 | Identified a +2 trident of freezing
 49814 | Shoals:4 | Identified a +0 trident
 49829 | Shoals:4 | Reached skill level 13 in Invocations
 49832 | Shoals:4 | Identified a +1 trident of protection
 49832 | Shoals:4 | Identified a +0 leather armour
 49938 | Shoals:4 | Identified a +0 trident
 49966 | Shoals:4 | Identified a cursed -2 trident
 50021 | Shoals:4 | Reached skill level 8 in Armour
 50039 | Shoals:4 | Identified Roxanne's Almanac of Clay
 50039 | Shoals:4 | Noticed Roxanne
 50151 | Shoals:4 | Killed Roxanne
 50151 | Shoals:4 | Reached skill level 7 in Evocations
 50191 | Shoals:4 | Reached skill level 3 in Necromancy
 50202 | Shoals:4 | Identified a +6 spear
 50202 | Shoals:4 | Identified a +0 leather armour
 50211 | Shoals:4 | Identified a +0 rapier of holy wrath
 50211 | Shoals:4 | Identified a +0 robe
 50343 | Shoals:4 | Identified a +0 arbalest
 50382 | Shoals:4 | Identified a +0 rapier
 50382 | Shoals:4 | Identified a +0 robe
 50700 | Shoals:4 | Got a barnacled rune of Zot
 51154 | D:7      | Killed Koltushi's ghost
 51584 | Elf:1    | Entered Level 1 of the Elven Halls
 51584 | Elf:1    | Identified a +0 long sword
 51584 | Elf:1    | Identified a +0 ring mail
 51584 | Elf:1    | Identified a +0 dagger
 51584 | Elf:1    | Identified a +0 long sword
 51585 | Elf:1    | Identified a +3 rapier
 51587 | Elf:1    | Identified a +0 short sword
 51588 | Elf:1    | Identified a +0 short sword
 51588 | Elf:1    | Identified a +3 shortbow of flaming
 51588 | Elf:1    | Identified a +0 leather armour
 51589 | Elf:1    | Identified a +0 long sword
 51589 | Elf:1    | Identified a +0 leather armour
 51589 | Elf:1    | Identified a +0 long sword
 51589 | Elf:1    | Identified a +0 leather armour
 51867 | Elf:1    | Identified a +0 dagger
 51867 | Elf:1    | Identified a +0 longbow
 51867 | Elf:1    | Identified a +0 leather armour
 51879 | Elf:1    | Reached skill level 4 in Necromancy
 51944 | Elf:1    | Identified a +0 long sword
 51944 | Elf:1    | Identified a +0 leather armour
 51945 | Elf:1    | Identified a +0 short sword of freezing
 51989 | Elf:1    | Identified a +3 hand axe of venom
 52044 | Elf:1    | Identified a cursed +0 long sword
 52044 | Elf:1    | Identified a +0 ring mail
 52048 | Elf:1    | Identified a +0 long sword
 52048 | Elf:1    | Identified a +0 ring mail
 52083 | Elf:1    | Identified a +0 short sword
 52097 | Elf:1    | Identified a +0 scimitar
 52154 | Elf:1    | Identified a +2 scimitar of holy wrath
 52253 | Elf:1    | Identified a +0 short sword
 52253 | Elf:1    | Identified a +0 shortbow
 52253 | Elf:1    | Identified a +0 leather armour
 52253 | Elf:1    | Identified a +0 long sword
 52255 | Elf:1    | Identified a +0 long sword
 52255 | Elf:1    | Identified a +0 leather armour
 52255 | Elf:1    | Identified a +0 long sword
 52325 | Elf:1    | Identified a +0 long sword
 52325 | Elf:1    | Identified a +0 chain mail
 52379 | Elf:1    | Identified a +5 dire flail of protection
 52406 | Elf:1    | Identified a +0 short sword
 52406 | Elf:1    | Identified a +0 chain mail
 52437 | Elf:1    | Identified a +1 flail of protection
 52519 | Elf:1    | Identified a +0 rapier
 52520 | Elf:1    | Identified a +0 long sword
 52520 | Elf:1    | Identified a +3 leather armour
 52524 | Elf:1    | Reached skill level 8 in Evocations
 52590 | Elf:1    | Identified a +3 hand axe of flaming
 52656 | Elf:1    | Identified a +0 dagger
 52656 | Elf:1    | Identified a +0 longbow
 52656 | Elf:1    | Identified a +0 leather armour
 52847 | Elf:1    | Identified a +0 rapier
 52847 | Elf:1    | Identified a +0 chain mail
 52848 | Elf:1    | Identified a +0 short sword
 52879 | Elf:1    | Identified a +0 long sword
 52879 | Elf:1    | Identified a +0 rapier
 52879 | Elf:1    | Identified a +0 scale mail
 52879 | Elf:1    | Identified a +0 short sword
 52879 | Elf:1    | Identified a +0 short sword
 52949 | Elf:1    | Reached skill level 5 in Necromancy
 52984 | Elf:1    | Identified the Grimoire of Beguiling and Snow
 53197 | Elf:1    | Identified a +0 rapier
 53197 | Elf:1    | Identified a +0 ring mail
 53198 | Elf:1    | Identified a +0 long sword
 53198 | Elf:1    | Identified a +0 leather armour
 53223 | Elf:2    | Identified a +0 short sword
 53224 | Elf:2    | Identified a +0 long sword
 53225 | Elf:2    | Identified a +0 long sword
 53230 | Elf:2    | Identified a +0 rapier
 53230 | Elf:2    | Identified a +0 leather armour
 53234 | Elf:2    | Identified a +0 short sword
 53234 | Elf:2    | Identified a +4 shortbow
 53234 | Elf:2    | Identified a +0 leather armour
 53235 | Elf:2    | Identified a +0 long sword
 53235 | Elf:2    | Identified a +0 leather armour
 53237 | Elf:2    | Identified a +0 long sword
 53240 | Elf:2    | Identified a +0 glaive
 53240 | Elf:2    | Identified a +0 dagger
 53241 | Elf:2    | Identified a +1 scimitar of protection
 53241 | Elf:2    | Identified a cursed +0 chain mail
 53242 | Elf:2    | Identified a +0 dagger
 53242 | Elf:2    | Identified a +0 longbow
 53242 | Elf:2    | Identified a +0 leather armour
 53245 | Elf:2    | Identified a +0 long sword
 53425 | Elf:2    | Identified a +0 long sword
 53425 | Elf:2    | Identified a +0 leather armour
 53425 | Elf:2    | Identified a +0 short sword
 53425 | Elf:2    | Identified a +0 longbow
 53425 | Elf:2    | Identified a +0 leather armour
 53426 | Elf:2    | Identified a +2 rapier of electrocution
 53427 | Elf:2    | Identified a +0 long sword
 53427 | Elf:2    | Identified a +0 scale mail
 53431 | Elf:2    | Identified a +2 mace of draining
 53434 | Elf:2    | Identified a +0 long sword
 53435 | Elf:2    | Identified a +0 shortbow
 53436 | Elf:2    | Identified a +0 short sword
 53438 | Elf:2    | Identified a +0 dagger
 53438 | Elf:2    | Identified a +0 leather armour
 53441 | Elf:2    | Identified a +0 short sword
 53441 | Elf:2    | Identified a +0 shortbow
 53441 | Elf:2    | Identified a +0 leather armour
 53444 | Elf:2    | Identified a +0 dagger
 53444 | Elf:2    | Identified a +0 chain mail
 53446 | Elf:2    | Identified a +0 dagger
 53446 | Elf:2    | Identified a +0 shortbow
 53446 | Elf:2    | Identified a +0 leather armour
 53574 | Elf:2    | Identified a +0 rapier
 53574 | Elf:2    | Identified a +0 ring mail
 53625 | Elf:2    | Identified a +0 short sword
 53625 | Elf:2    | Identified a +0 longbow
 53625 | Elf:2    | Identified a +0 leather armour
 53628 | Elf:2    | Identified a +0 long sword
 53628 | Elf:2    | Identified a +0 ring mail
 53968 | Elf:2    | Identified a +5 long sword
 53968 | Elf:2    | Identified a +0 chain mail
 53979 | Elf:2    | Identified a +0 rapier
 53990 | Elf:2    | Identified a +0 short sword
 54167 | Elf:2    | Identified a +0 dagger
 54167 | Elf:2    | Identified a +0 shortbow
 54167 | Elf:2    | Identified a +0 leather armour
 54176 | Elf:2    | Identified a +0 short sword
 54176 | Elf:2    | Identified a +0 longbow
 54176 | Elf:2    | Identified a +0 leather armour
 54202 | Elf:2    | Identified a +0 scythe
 54202 | Elf:2    | Identified a +0 ring mail
 54342 | Elf:2    | Identified a +0 short sword
 54342 | Elf:2    | Identified a +0 shortbow
 54342 | Elf:2    | Identified a +0 leather armour
 54347 | Elf:2    | Identified a +0 scimitar
 54347 | Elf:2    | Identified a +0 chain mail
 54350 | Elf:2    | Identified a +0 short sword
 54350 | Elf:2    | Identified a +0 robe
 54355 | Elf:2    | Identified a +3 dire flail
 54355 | Elf:2    | Identified a +0 plate armour
 54600 | Elf:2    | Identified a +0 leather armour
 54616 | Elf:2    | Identified a +0 club
 54692 | Elf:2    | Identified a +4 dagger
 54701 | Elf:2    | Found a huge runed translucent gate.
 54714 | Elf:2    | Found a huge runed translucent gate.
 54714 | Elf:2    | Found a huge runed translucent gate.
 54715 | Elf:2    | Found a huge runed translucent gate.
 54715 | Elf:2    | Found a huge runed translucent gate.
 54725 | Elf:2    | Identified a +0 trident of distortion
 54883 | Elf:2    | Identified a +0 short sword
 54883 | Elf:2    | Identified a +0 ring mail
 54883 | Elf:2    | Identified a +0 buckler
 54884 | Elf:2    | Identified a +0 flail
 54888 | Elf:2    | Reached skill level 6 in Necromancy
 55030 | Elf:2    | Identified a +0 short sword
 55052 | Elf:2    | Identified a +1 long sword of protection
 55057 | Elf:2    | Identified a +0 long sword
 55057 | Elf:2    | Identified a +0 ring mail
 55063 | Elf:2    | Identified a +1 vampiric long sword
 55063 | Elf:2    | Identified a +0 buckler
 55066 | Elf:2    | Reached skill level 9 in Evocations
 55084 | Elf:2    | Identified a +4 glaive of freezing
 55139 | Elf:2    | Identified a +0 rapier
 55142 | Elf:2    | Identified a +3 eveningstar of draining
 55142 | Elf:2    | Identified a +0 mace of holy wrath
 55143 | Elf:2    | Identified a +0 short sword
 55143 | Elf:2    | Identified a +3 shortbow
 55143 | Elf:2    | Identified a +0 long sword
 55143 | Elf:2    | Identified a +0 chain mail
 55152 | Elf:2    | Identified a +4 vorpal flail
 55152 | Elf:2    | Identified a +0 rapier
 55152 | Elf:2    | Identified a +0 leather armour
 55169 | Elf:2    | Reached skill level 14 in Transmutations
 55431 | Elf:2    | Identified a +0 rapier
 55431 | Elf:2    | Identified a +0 leather armour
 55433 | Elf:2    | Identified a +0 long sword
 55433 | Elf:2    | Identified a +0 ring mail
 55436 | Elf:2    | Identified a +0 scimitar
 55436 | Elf:2    | Identified a +0 buckler
 55437 | Elf:2    | Identified a +0 scimitar
 55437 | Elf:2    | Identified a +0 scale mail
 55437 | Elf:2    | Identified a +0 rapier
 55437 | Elf:2    | Identified a +0 rapier
 55437 | Elf:2    | Identified a +0 leather armour
 55452 | Elf:2    | Identified a +3 scimitar of flaming
 55454 | Elf:2    | Reached skill level 15 in Dodging
 55454 | Elf:2    | Reached skill level 14 in Spellcasting
 55456 | Elf:2    | Identified a +3 mace of draining
 55466 | Elf:2    | Identified a +2 long sword of holy wrath
 55497 | Elf:2    | Identified a +1 antimagic hand axe
 55537 | Elf:2    | Identified a +0 long sword
 55539 | Elf:2    | Identified a +3 scimitar
 55555 | Elf:2    | Reached XP level 20. HP: 79/94 MP: 36/39
 55560 | Elf:2    | Identified a +2 battleaxe of freezing
 55562 | Elf:2    | Identified a +1 lajatang of electrocution
 55571 | Elf:2    | Identified a +0 mace of protection
 55845 | Elf:2    | Identified a +0 rapier
 55984 | Elf:3    | Entered Level 3 of the Elven Halls
 55984 | Elf:3    | Identified a +0 long sword
 55992 | Elf:3    | Reached skill level 7 in Necromancy
 56007 | Elf:3    | Identified a +0 rapier
 56007 | Elf:3    | Identified a +0 scale mail
 56030 | Elf:3    | Identified a +0 rapier
 56177 | Elf:3    | Identified a +0 long sword
 56177 | Elf:3    | Identified a cursed +0 leather armour
 56294 | Elf:3    | Found Jininta's Antique Armour Shop.
 56301 | Elf:3    | Bought the +2 hood of the Assassin {Detection Stab+
                  | Stlth++} for 1320 gold pieces
 56301 | Elf:3    | Found the +2 hood of the Assassin {Detection Stab+ Stlth++}
 56463 | Elf:3    | Identified a +0 short sword
 56485 | Elf:3    | Identified a +0 long sword
 56485 | Elf:3    | Identified a +0 chain mail
 56494 | Elf:3    | Identified a +0 rapier
 56497 | Elf:3    | Identified a +0 dagger
 56498 | Elf:3    | Identified a cursed -1 rapier
 56503 | Elf:3    | Identified a +0 long sword
 56503 | Elf:3    | Identified a +0 leather armour
 56673 | Elf:3    | Identified a +0 long sword
 56738 | Elf:3    | Identified a +0 long sword
 56738 | Elf:3    | Identified a +0 chain mail
 57020 | Elf:3    | Identified a +0 long sword
 57020 | Elf:3    | Identified a +0 scale mail
 57027 | Elf:3    | Identified a +0 long sword
 57027 | Elf:3    | Identified a +0 leather armour
 57032 | Elf:3    | Identified a +0 long sword
 57032 | Elf:3    | Identified a +0 leather armour
 57036 | Elf:3    | Identified a +0 rapier
 57036 | Elf:3    | Identified a +0 scale mail
 57048 | Elf:3    | Identified a +4 demon trident of freezing
 57048 | Elf:3    | Identified a +3 chain mail of poison resistance
 57048 | Elf:3    | Identified a +0 kite shield
 57048 | Elf:3    | Noticed Donald
 57305 | Elf:3    | Identified a +0 short sword
 57305 | Elf:3    | Identified a +0 longbow
 57385 | Elf:3    | Identified a +0 long sword
 57387 | Elf:3    | Identified a +3 short sword
 57387 | Elf:3    | Identified a cursed +0 leather armour
 57390 | Elf:3    | Identified a +0 rapier
 57428 | Elf:3    | Identified a +0 short sword
 57428 | Elf:3    | Identified a +0 leather armour
 57428 | Elf:3    | Noticed a deep elf sorcerer
 57440 | Elf:3    | Killed a deep elf sorcerer
 57581 | Elf:3    | Identified a +6 spear of venom
 57581 | Elf:3    | Noticed a deep elf demonologist
 57592 | Elf:3    | Killed a deep elf demonologist
 57592 | Elf:3    | Reached skill level 10 in Evocations
 57616 | Elf:3    | Identified a +2 scimitar of draining
 57616 | Elf:3    | Identified a +0 shortbow
 57616 | Elf:3    | Identified a +3 ring mail of magic resistance
 57616 | Elf:3    | Identified the amulet of Qixicesy {Spirit Str+3 Int+3}
 57630 | Elf:3    | Identified a +0 longbow
 57630 | Elf:3    | Identified a +0 leather armour
 57652 | Elf:3    | Identified a +0 mace
 57677 | Elf:3    | Identified a +0 longbow
 57677 | Elf:3    | Identified a +1 ring mail of fire resistance
 57680 | Elf:3    | Reached skill level 8 in Necromancy
 57691 | Elf:3    | Identified a +0 long sword
 57691 | Elf:3    | Identified a +0 scale mail
 57799 | Elf:3    | Identified a +0 morningstar
 57799 | Elf:3    | Noticed a deep elf demonologist
 57868 | Elf:3    | Identified the +3 bardiche of Purpose {venom, MR+}
 57868 | Elf:3    | Identified a +0 ring mail
 57868 | Elf:3    | Noticed a deep elf sorcerer
 57870 | Elf:3    | Killed a deep elf sorcerer
 57894 | Elf:3    | Identified a +3 dire flail of protection
 57894 | Elf:3    | Identified the amulet of Mecredde {Spirit rN+}
 57894 | Elf:3    | Noticed a deep elf sorcerer
 57896 | Elf:3    | Killed a deep elf sorcerer
 57899 | Elf:3    | Identified a +0 vorpal long sword
 57899 | Elf:3    | Identified a +0 leather armour
 57899 | Elf:3    | Identified an uncursed amulet of magic regeneration
 57899 | Elf:3    | Noticed a deep elf sorcerer
 57902 | Elf:3    | Killed a deep elf sorcerer
 58022 | Elf:3    | Identified a +3 short sword of venom
 58022 | Elf:3    | Identified a +0 leather armour
 58022 | Elf:3    | Identified an uncursed ring of see invisible
 58022 | Elf:3    | Identified a +3 vorpal hand axe
 58022 | Elf:3    | Identified a +0 chain mail
 58022 | Elf:3    | Identified a cursed ring of magical power
 58022 | Elf:3    | Noticed a deep elf sorcerer
 58023 | Elf:3    | Identified a +0 rapier
 58023 | Elf:3    | Identified a +0 ring mail
 58023 | Elf:3    | Noticed a deep elf demonologist
 58029 | Elf:3    | Identified a +0 rapier
 58029 | Elf:3    | Identified a +0 rapier
 58029 | Elf:3    | Identified a +0 leather armour
 58029 | Elf:3    | Identified an uncursed ring of flight
 58122 | Elf:3    | Identified a +0 flail
 58194 | Elf:3    | Identified a +0 short sword
 58201 | Elf:3    | Killed a deep elf demonologist
 58281 | Elf:3    | Identified a +0 longbow
 58281 | Elf:3    | Identified a +0 leather armour
 58315 | Elf:3    | Identified a +0 long sword
 58315 | Elf:3    | Identified a +0 leather armour
 58337 | Elf:3    | Identified a +2 vorpal hand axe
 58340 | Elf:3    | Identified a +0 long sword of protection
 58340 | Elf:3    | Identified a +0 ring mail
 58521 | Elf:3    | Identified a +0 rapier
 58521 | Elf:3    | Identified a +0 rapier
 58521 | Elf:3    | Identified a +0 leather armour
 58619 | Elf:3    | Identified the Catalogue of Damaging Ignition
 58625 | Elf:3    | Identified the Papyrus of the Burning Oath
 58627 | Elf:3    | Identified Advanced Wizardry
 58659 | Elf:3    | Identified the Grimoire of Calling
 58700 | Elf:3    | Killed a deep elf sorcerer
 58702 | Elf:3    | Identified a +1 trident of protection
 58702 | Elf:3    | Killed a deep elf demonologist
 58887 | Elf:3    | Identified a +0 rapier
 58941 | Elf:3    | Identified a +0 dagger
 58941 | Elf:3    | Identified a +0 shortbow
 58941 | Elf:3    | Identified a +0 leather armour
 59592 | Vaults:1 | Entered Level 1 of the Vaults
 59962 | Vaults:1 | Identified a cursed -1 falchion
 59962 | Vaults:1 | Identified a +0 scale mail
 60139 | Vaults:1 | Identified a +0 dagger
 60139 | Vaults:1 | Identified a +0 robe
 60141 | Vaults:1 | Identified a +0 great mace
 60141 | Vaults:1 | Identified a +0 ring mail
 60320 | Vaults:1 | Identified a +0 arbalest
 60371 | Vaults:1 | Identified a +0 shortbow
 60437 | Vaults:1 | Identified a +0 war axe
 60437 | Vaults:1 | Identified a +1 vorpal arbalest
 60437 | Vaults:1 | Identified a +0 ring mail
 60536 | Vaults:1 | Identified a +0 giant spiked club
 60536 | Vaults:1 | Identified a +0 giant spiked club
 60537 | Vaults:1 | Identified a +0 dagger
 60537 | Vaults:1 | Identified a +0 robe
 60537 | Vaults:1 | Identified a +0 robe
 60537 | Vaults:1 | Identified a +0 giant club
 60537 | Vaults:1 | Identified a +0 giant spiked club
 60538 | Vaults:1 | Reached skill level 9 in Necromancy
 60538 | Vaults:1 | Reached skill level 15 in Transmutations
 60538 | Vaults:1 | Identified a +0 giant club
 60538 | Vaults:1 | Identified a +0 dire flail of protection
 60689 | Vaults:1 | Identified a +0 scimitar
 60689 | Vaults:1 | Identified a +0 longbow
 60690 | Vaults:1 | Identified a +1 long sword of protection
 60710 | Vaults:1 | Identified a +0 falchion
 60710 | Vaults:1 | Identified a +0 ring mail
 60713 | Vaults:1 | Identified a cursed -3 giant club
 60713 | Vaults:1 | Identified a +0 giant spiked club
 60713 | Vaults:1 | Identified a +0 giant spiked club
 60725 | Vaults:1 | Identified a +0 arbalest
 60736 | Vaults:1 | Reached skill level 1 in Air Magic
 60827 | Vaults:1 | Identified a +0 dagger
 60827 | Vaults:1 | Identified a +0 robe
 60828 | Vaults:1 | Identified a +1 glaive of pain
 60828 | Vaults:1 | Identified a +0 plate armour
 60831 | Vaults:1 | Identified a +0 giant club
 60842 | Vaults:1 | Identified a +0 flail
 60842 | Vaults:1 | Identified a +0 chain mail
 61107 | Vaults:1 | Identified a +0 great mace
 61107 | Vaults:1 | Identified a +0 ring mail
 61114 | Vaults:1 | Identified a cursed -3 great mace
 61114 | Vaults:1 | Identified a +0 ring mail
 61163 | Vaults:1 | Identified a +0 dagger
 61163 | Vaults:1 | Identified a +0 robe
 61208 | Vaults:1 | Identified a +0 falchion
 61208 | Vaults:1 | Identified a +3 arbalest
 61208 | Vaults:1 | Identified a +0 ring mail
 61609 | Vaults:1 | Identified a +0 flail
 61609 | Vaults:1 | Identified a +0 scale mail
 61899 | Vaults:1 | Identified a +0 arbalest
 61922 | Vaults:1 | Identified a +0 dagger
 61922 | Vaults:1 | Noticed a deep elf sorcerer
 61922 | Vaults:1 | Identified a +0 dagger
 61923 | Vaults:1 | Identified a +0 short sword
 61923 | Vaults:1 | Identified a +0 longbow
 61923 | Vaults:1 | Identified a +0 leather armour
 61926 | Vaults:1 | Killed a deep elf sorcerer
 61931 | Vaults:1 | Reached skill level 14 in Earth Magic
 61936 | Vaults:1 | Noticed an entropy weaver
 61938 | Vaults:1 | Killed an entropy weaver
 61990 | Vaults:1 | Identified a +0 dagger
 61990 | Vaults:1 | Identified a +0 robe
 61998 | Vaults:1 | Identified a +0 arbalest
 62004 | Vaults:1 | Identified a +0 short sword
 62004 | Vaults:1 | Identified a +0 chain mail
 62004 | Vaults:1 | Identified a +0 hand axe
 62004 | Vaults:1 | Identified a cursed +0 plate armour
 62004 | Vaults:1 | Identified a +2 dire flail of holy wrath
 62004 | Vaults:1 | Identified a +0 plate armour
 62004 | Vaults:1 | Identified a +0 dagger
 62004 | Vaults:1 | Identified a +0 robe of fire resistance
 62006 | Vaults:1 | Identified a +0 scimitar
 62006 | Vaults:1 | Identified a +0 plate armour
 62007 | Vaults:1 | Identified a cursed -3 war axe
 62065 | Vaults:1 | Identified a +1 vorpal long sword
 62065 | Vaults:1 | Identified a +0 ring mail
 62116 | Vaults:1 | Identified a +0 morningstar
 62116 | Vaults:1 | Identified a +0 scale mail
 62123 | Vaults:1 | Identified a +0 dire flail
 62123 | Vaults:1 | Identified a +0 ring mail
 62165 | Vaults:1 | Identified a +0 dagger
 62165 | Vaults:1 | Identified a +0 robe
 62494 | Vaults:2 | Identified a +0 arbalest
 62508 | Vaults:2 | Identified a +0 arbalest
 62703 | Vaults:2 | Identified a +0 arbalest
 62704 | Vaults:2 | Identified a +0 shortbow
 62707 | Vaults:2 | Identified a +0 arbalest
 62707 | Vaults:2 | Identified a +0 shortbow
 62711 | Vaults:2 | Identified a +0 shortbow
 62744 | Vaults:2 | Identified a +0 shortbow
 62745 | Vaults:2 | Identified a +0 arbalest
 62806 | Vaults:2 | Identified a +2 glaive of freezing
 62806 | Vaults:2 | Identified a +0 chain mail
 63026 | Vaults:2 | Identified a +0 arbalest
 63122 | Vaults:2 | Identified a +2 vorpal war axe
 63122 | Vaults:2 | Identified a +0 arbalest
 63122 | Vaults:2 | Identified a +0 ring mail
 63129 | Vaults:2 | Reached skill level 2 in Air Magic
 63183 | Vaults:2 | Identified a +0 mace
 63183 | Vaults:2 | Identified a +0 ring mail
 63193 | Vaults:2 | Found Fify's Book Emporium.
 63243 | Vaults:2 | Identified a +0 morningstar
 63243 | Vaults:2 | Identified a cursed +0 ring mail
 63243 | Vaults:2 | Identified a +3 vorpal dire flail
 63243 | Vaults:2 | Identified a +0 plate armour
 63259 | Vaults:2 | Reached skill level 10 in Necromancy
 63264 | Vaults:2 | Reached XP level 21. HP: 98/98 MP: 24/40
 63268 | Vaults:2 | Identified a +0 arbalest
 63269 | Vaults:2 | Identified a cursed -2 arbalest
 63272 | Vaults:2 | Learned a level 6 spell: Darkness
 63324 | Vaults:2 | Identified a cursed +0 great mace
 63324 | Vaults:2 | Identified a +0 plate armour
 63325 | Vaults:2 | Identified a +0 arbalest
 63327 | Vaults:2 | Identified a +0 arbalest
 63517 | Vaults:2 | Identified a +0 arbalest
 63664 | Vaults:2 | Reached skill level 11 in Short Blades
 63714 | Vaults:2 | Identified a cursed -1 dagger
 63714 | Vaults:2 | Identified a +0 robe
 63727 | Vaults:2 | Identified a +0 dagger
 63727 | Vaults:2 | Identified a +0 longbow
 63727 | Vaults:2 | Identified a +0 leather armour
 63728 | Vaults:2 | Identified a +0 arbalest
 63732 | Vaults:2 | Identified a cursed -2 long sword
 63732 | Vaults:2 | Identified a +0 chain mail
 63886 | Vaults:2 | Identified a +0 dire flail
 63886 | Vaults:2 | Identified a cursed +0 ring mail
 63886 | Vaults:2 | Identified a +1 dire flail of protection
 63886 | Vaults:2 | Identified a +0 plate armour
 63975 | Vaults:2 | Identified a cursed -3 long sword
 63975 | Vaults:2 | Identified a +0 robe
 63985 | Vaults:2 | Identified a +1 vorpal flail
 63985 | Vaults:2 | Identified a +0 ring mail
 63993 | Vaults:2 | Identified a +0 giant club
 63993 | Vaults:2 | Identified a +0 giant club
 64000 | Vaults:2 | Identified a +0 giant spiked club
 64003 | Vaults:2 | Identified a +0 scimitar
 64003 | Vaults:2 | Identified a +0 leather armour
 64020 | Vaults:2 | Identified a +2 shortbow of freezing
 64070 | Vaults:2 | Identified a +0 giant club
 64070 | Vaults:2 | Identified a +0 giant spiked club
 64071 | Vaults:2 | Identified a +0 giant club
 64071 | Vaults:2 | Identified a +0 giant club
 64074 | Vaults:2 | Identified a +0 giant club
 64076 | Vaults:2 | Identified a cursed +0 giant spiked club
 64076 | Vaults:2 | Identified a +0 giant club
 64362 | Vaults:2 | Identified a +0 flail
 64362 | Vaults:2 | Identified a +0 robe
 64368 | Vaults:2 | Identified a +0 dire flail
 64368 | Vaults:2 | Identified a +0 plate armour
 64634 | Vaults:2 | Identified a +0 giant spiked club
 64634 | Vaults:2 | Identified a +0 giant club
 64634 | Vaults:2 | Identified a +0 giant spiked club
 64634 | Vaults:2 | Identified a +0 giant club
 64637 | Vaults:2 | Identified a +0 giant club
 64637 | Vaults:2 | Identified a +0 giant club
 64639 | Vaults:2 | Identified a +0 giant spiked club
 64639 | Vaults:2 | Identified a +0 giant club
 64641 | Vaults:2 | Identified a +0 flail
 64641 | Vaults:2 | Identified a +0 robe
 64656 | Vaults:2 | Reached skill level 14 in Invocations
 64660 | Vaults:2 | Reached skill level 16 in Dodging
 64792 | Vaults:2 | Identified a +0 falchion
 64797 | Vaults:2 | Identified a +0 trident
 64797 | Vaults:2 | Identified a +0 scale mail
 64797 | Vaults:2 | Identified a +0 trident
 65014 | Vaults:2 | Identified a +0 battleaxe
 65014 | Vaults:2 | Identified a +0 plate armour
 65018 | Vaults:2 | Identified a +0 arbalest
 65019 | Vaults:2 | Identified a +0 arbalest
 65048 | Vaults:2 | Identified a +0 arbalest
 65053 | Vaults:2 | Identified a +0 morningstar
 65053 | Vaults:2 | Identified a +0 ring mail
 65067 | Vaults:2 | Identified a +0 arbalest
 65310 | Vaults:2 | Identified a +0 dire flail
 65310 | Vaults:2 | Identified a +0 plate armour
 65318 | Vaults:2 | Identified a +0 dagger of draining
 65318 | Vaults:2 | Identified a +0 leather armour
 65360 | Vaults:2 | Identified a +0 arbalest
 65370 | Vaults:2 | Identified a scroll of acquirement
 65371 | Vaults:2 | Acquired 1620 gold pieces
 65480 | Vaults:2 | Identified a +3 arbalest
 65487 | Vaults:2 | HP: 24/98 [yaktaur captain/bolt (29)]
 65784 | Vaults:2 | Identified a +0 dagger
 65784 | Vaults:2 | Identified a +0 robe
 66013 | Vaults:3 | Found a staircase to the Crypt.
 66013 | Vaults:3 | Identified a +0 mace
 66013 | Vaults:3 | Identified a +0 robe
 66063 | Vaults:3 | Reached skill level 11 in Necromancy
 66063 | Vaults:3 | Reached skill level 16 in Transmutations
 66075 | Vaults:3 | Identified a +0 dagger
 66075 | Vaults:3 | Identified a +0 robe
 66120 | Vaults:3 | Found Noxid's Jewellery Shoppe.
 66123 | Vaults:3 | Identified a +0 arbalest
 66136 | Vaults:3 | Identified a +0 great mace
 66136 | Vaults:3 | Identified a +0 ring mail
 66138 | Vaults:3 | Found Jywig's Gadget Emporium.
 66338 | Vaults:3 | Identified a +0 battleaxe
 66338 | Vaults:3 | Identified a +0 chain mail
 66338 | Vaults:3 | Identified a +0 falchion
 66338 | Vaults:3 | Identified a +0 mace
 66338 | Vaults:3 | Identified a +0 chain mail
 66338 | Vaults:3 | Identified a +2 dagger of venom
 66338 | Vaults:3 | Identified a +0 robe
 66338 | Vaults:3 | Identified a +0 long sword
 66338 | Vaults:3 | Identified a +0 chain mail
 66338 | Vaults:3 | Identified a +3 dagger
 66338 | Vaults:3 | Identified a +0 robe
 66338 | Vaults:3 | Identified a +3 short sword
 66338 | Vaults:3 | Identified a +0 chain mail
 66338 | Vaults:3 | Identified a +0 flail
 66338 | Vaults:3 | Identified a +0 dagger
 66338 | Vaults:3 | Identified a +0 robe
 66339 | Vaults:3 | Identified a +0 mace
 66339 | Vaults:3 | Identified a +0 plate armour
 66341 | Vaults:3 | Identified a +0 dagger
 66341 | Vaults:3 | Identified a +0 robe
 66341 | Vaults:3 | Identified a +0 flail
 66341 | Vaults:3 | Identified a +0 arbalest
 66341 | Vaults:3 | Identified a +0 arbalest
 66410 | Vaults:3 | Identified a +0 arbalest
 66410 | Vaults:3 | Identified a +0 short sword
 66410 | Vaults:3 | Identified a +0 plate armour
 66410 | Vaults:3 | Identified a +0 dagger
 66410 | Vaults:3 | Identified a +0 war axe
 66410 | Vaults:3 | Identified a +0 plate armour
 66410 | Vaults:3 | Identified a +0 arbalest
 66430 | Vaults:3 | Found Jupiuner's Distillery.
 66450 | Vaults:3 | Identified a +0 flail
 66450 | Vaults:3 | Identified a +2 robe of magic resistance
 66450 | Vaults:3 | Identified a +0 giant club
 66450 | Vaults:3 | Identified a +0 dire flail
 66450 | Vaults:3 | Identified a +0 great mace
 66450 | Vaults:3 | Identified a +0 giant spiked club
 66450 | Vaults:3 | Identified a +0 giant club
 66451 | Vaults:3 | Identified a +2 vampiric falchion
 66451 | Vaults:3 | Identified a +0 arbalest
 66451 | Vaults:3 | Identified a +0 ring mail
 66451 | Vaults:3 | Identified a +0 giant club
 66451 | Vaults:3 | Identified a cursed +0 giant club
 66460 | Vaults:3 | Identified a +0 dagger
 66460 | Vaults:3 | Identified a +0 shortbow
 66460 | Vaults:3 | Identified a +0 leather armour
 66463 | Vaults:3 | Identified a +0 shortbow
 66463 | Vaults:3 | Identified a +0 shortbow
 66463 | Vaults:3 | Identified a +0 shortbow
 66463 | Vaults:3 | Identified a +1 shortbow of freezing
 66469 | Vaults:3 | Reached skill level 15 in Spellcasting
 66493 | Vaults:3 | Noticed a lich
 66504 | Vaults:3 | Killed a lich
 66532 | Vaults:3 | Identified a +0 dire flail
 66532 | Vaults:3 | Identified a +0 giant club
 66532 | Vaults:3 | Identified a +0 morningstar
 66532 | Vaults:3 | Identified a +0 ring mail
 66533 | Vaults:3 | Identified a +0 giant club
 66533 | Vaults:3 | Identified a +0 giant spiked club
 66536 | Vaults:3 | Identified a +0 morningstar
 66536 | Vaults:3 | Identified a +0 ring mail
 66539 | Vaults:3 | Identified a +0 giant club
 66539 | Vaults:3 | Identified a cursed +0 giant club
 66541 | Vaults:3 | Identified a +0 club
 66541 | Vaults:3 | Identified a +0 robe
 66542 | Vaults:3 | Identified a +0 giant spiked club
 66544 | Vaults:3 | Found Ydiax's Antique Armour Shop.
 66556 | Vaults:3 | Identified a +0 long sword
 66567 | Vaults:3 | Identified a +0 giant club
 66612 | Vaults:3 | Identified a +1 great sword of flaming
 66612 | Vaults:3 | Identified a +0 longbow
 66651 | Vaults:3 | Identified a +0 short sword
 66651 | Vaults:3 | Identified a +0 scale mail
 66652 | Vaults:3 | Identified a +2 glaive of venom
 66652 | Vaults:3 | Identified a +0 arbalest
 66654 | Vaults:3 | Identified a +0 great mace
 66655 | Vaults:3 | Identified a +0 arbalest
 66671 | Vaults:3 | Identified a +0 flail
 66671 | Vaults:3 | Identified a +0 ring mail
 66671 | Vaults:3 | Identified a +0 robe
 66671 | Vaults:3 | Identified a +0 giant spiked club
 66671 | Vaults:3 | Identified a +0 giant club
 66671 | Vaults:3 | Identified a +0 giant club
 66671 | Vaults:3 | Identified a +0 giant spiked club
 66671 | Vaults:3 | Identified a +0 giant club
 66671 | Vaults:3 | Identified a +0 giant club
 66671 | Vaults:3 | Identified a cursed -2 giant club
 66671 | Vaults:3 | Identified a cursed -2 giant spiked club
 66880 | Vaults:3 | Identified a +2 vorpal falchion
 66880 | Vaults:3 | Identified a +0 scale mail
 66936 | Vaults:3 | Identified a +0 great sword
 66936 | Vaults:3 | Identified a +0 plate armour
 66957 | Vaults:3 | Identified a +0 dire flail
 66957 | Vaults:3 | Identified a +0 dire flail
 66965 | Vaults:3 | Identified a +0 arbalest
 66965 | Vaults:3 | Identified a +0 mace
 66965 | Vaults:3 | Identified a +0 arbalest
 66965 | Vaults:3 | Identified a cursed -2 scimitar
 66965 | Vaults:3 | Identified a +0 arbalest
 66966 | Vaults:3 | Identified a +0 arbalest
 66997 | Vaults:3 | Identified a +0 morningstar
 66997 | Vaults:3 | Identified a +0 arbalest
 66997 | Vaults:3 | Identified a +0 ring mail
 67006 | Vaults:3 | Identified a +0 flail
 67006 | Vaults:3 | Identified a +0 scale mail
 67021 | Vaults:3 | Identified a +0 dagger
 67021 | Vaults:3 | Identified a +0 robe
 67050 | Vaults:3 | Identified a +0 war axe
 67050 | Vaults:3 | Identified a +0 scale mail
 67180 | Vaults:3 | Identified a +5 great sword
 67180 | Vaults:3 | Identified a +2 chain mail of fire resistance
 67180 | Vaults:3 | Noticed Frederick
 67195 | Vaults:3 | Killed Frederick
 67246 | Vaults:3 | Identified a +0 long sword
 67246 | Vaults:3 | Identified a +0 ring mail
 67272 | Vaults:3 | Identified a +0 giant club
 67273 | Vaults:3 | Identified a +0 giant club
 67273 | Vaults:3 | Identified a +0 giant spiked club
 67278 | Vaults:3 | Identified a +0 mace
 67278 | Vaults:3 | Identified a +0 leather armour
 67286 | Vaults:3 | Identified a +0 giant spiked club
 67288 | Vaults:3 | Identified a +1 flail of draining
 67288 | Vaults:3 | Identified a +0 robe
 67294 | Vaults:3 | Identified a +0 giant club
 67294 | Vaults:3 | Identified a +0 giant spiked club
 67294 | Vaults:3 | Identified a +0 giant club
 67294 | Vaults:3 | Identified a +0 giant club
 67294 | Vaults:3 | Identified a +0 giant club
 67410 | Vaults:3 | Bought 2 potions of invisibility for 304 gold pieces
 67410 | Vaults:3 | Bought a potion of heal wounds for 95 gold pieces
 67410 | Vaults:3 | Bought 2 potions of heal wounds for 190 gold pieces
 67551 | Vaults:3 | Reached skill level 12 in Necromancy
 67680 | Vaults:3 | Identified a +0 mace
 67680 | Vaults:3 | Identified a +0 ring mail
 67700 | Vaults:3 | Identified a +0 dire flail
 67700 | Vaults:3 | Identified a +0 leather armour
 67856 | Vaults:3 | Identified a +0 flail
 67856 | Vaults:3 | Identified a +0 scale mail
 67984 | Vaults:3 | Identified a +2 cloak of magic resistance (You found it on
                  | level 3 of the Vaults)
 68367 | Vaults:4 | Identified a +0 mace
 68367 | Vaults:4 | Identified a +0 plate armour
 68367 | Vaults:4 | Identified a +0 long sword
 68368 | Vaults:4 | Identified a +0 battleaxe
 68368 | Vaults:4 | Identified a +0 arbalest
 68368 | Vaults:4 | Identified a +0 chain mail
 68407 | Vaults:4 | Identified a +2 mace of venom
 68407 | Vaults:4 | Identified a +0 leather armour
 68424 | Vaults:4 | Identified a +0 club
 68468 | Vaults:4 | Identified a +0 great mace
 68468 | Vaults:4 | Identified a +0 leather armour
 68471 | Vaults:4 | Identified a +0 long sword
 68471 | Vaults:4 | Identified a +0 ring mail
 68471 | Vaults:4 | Identified a +0 buckler
 68472 | Vaults:4 | Identified a +0 dagger
 68472 | Vaults:4 | Identified a +0 shortbow
 68472 | Vaults:4 | Identified a +0 leather armour
 68474 | Vaults:4 | Identified a +0 long sword
 68661 | Vaults:4 | Identified a +0 morningstar
 68661 | Vaults:4 | Identified a +0 ring mail
 68668 | Vaults:4 | Identified a +0 troll leather armour
 68832 | Vaults:4 | Identified a +0 long sword
 68832 | Vaults:4 | Identified a +2 plate armour of poison resistance
 68844 | Vaults:4 | Identified +0 fire dragon scales
 68851 | Vaults:4 | Identified a +0 battleaxe
 68851 | Vaults:4 | Identified a +0 chain mail
 68863 | Vaults:4 | Identified a +0 flail
 68863 | Vaults:4 | Identified a +0 plate armour
 68865 | Vaults:4 | Identified a +2 rapier of flaming
 68867 | Vaults:4 | Identified a +0 falchion
 68869 | Vaults:4 | Identified a +0 flail
 68875 | Vaults:4 | Identified a +2 vorpal halberd
 68875 | Vaults:4 | Identified a +0 robe
 69049 | Vaults:4 | Identified a +0 giant club
 69049 | Vaults:4 | Identified a +0 giant spiked club
 69056 | Vaults:4 | Identified a +0 giant club
 69056 | Vaults:4 | Identified a cursed +0 giant spiked club
 69061 | Vaults:4 | Reached XP level 22. HP: 102/102 MP: 40/42
 69061 | Vaults:4 | Identified a +0 giant club
 69061 | Vaults:4 | Identified a +0 giant club
 69130 | Vaults:4 | Identified a +0 giant club
 69130 | Vaults:4 | Identified a +0 giant club
 69184 | Vaults:4 | Identified a +0 long sword
 69184 | Vaults:4 | Noticed a deep elf demonologist
 69186 | Vaults:4 | Killed a deep elf demonologist
 69280 | Vaults:4 | Identified a +0 arbalest
 69281 | Vaults:4 | Reached skill level 17 in Transmutations
 69281 | Vaults:4 | Identified a cursed -2 arbalest
 69282 | Vaults:4 | Identified a cursed +0 arbalest
 69283 | Vaults:4 | Identified a +0 arbalest
 69284 | Vaults:4 | Identified a +0 arbalest
 69287 | Vaults:4 | Reached skill level 15 in Earth Magic
 69287 | Vaults:4 | Identified a +0 giant club
 69426 | Vaults:4 | Identified a +0 giant club
 69477 | Vaults:4 | Identified a +0 great mace
 69477 | Vaults:4 | Identified a +0 ring mail
 69531 | Vaults:4 | Identified a +0 falchion
 69531 | Vaults:4 | Identified a +0 scale mail
 69556 | Vaults:4 | Identified a +1 great sword of flaming
 69572 | Vaults:4 | Identified a +0 arbalest
 69657 | Vaults:4 | Identified a +2 dire flail of venom
 69657 | Vaults:4 | Identified a +0 dire flail
 69661 | Vaults:4 | Identified a +0 arbalest
 69661 | Vaults:4 | Identified a +0 arbalest
 69662 | Vaults:4 | Identified a +2 war axe of electrocution
 69662 | Vaults:4 | Identified a +0 chain mail
 69662 | Vaults:4 | Identified a +0 arbalest
 69663 | Vaults:4 | Identified a +0 arbalest
 69707 | Vaults:4 | Identified a +0 arbalest
 69731 | Vaults:4 | Identified +0 ice dragon scales
 69954 | Vaults:4 | Identified a +1 vorpal morningstar
 69954 | Vaults:4 | Identified a +0 ring mail
 69954 | Vaults:4 | Identified a +0 dagger
 69954 | Vaults:4 | Identified a +0 shortbow
 69954 | Vaults:4 | Identified a +0 leather armour
 69955 | Vaults:4 | Identified a cursed -2 giant club
 69955 | Vaults:4 | Identified a +0 dire flail
 69955 | Vaults:4 | Identified a +0 dire flail
 69955 | Vaults:4 | Identified a +0 chain mail
 69955 | Vaults:4 | Identified a +2 falchion of electrocution
 69955 | Vaults:4 | Identified a +2 vorpal great mace
 69955 | Vaults:4 | Identified a +0 chain mail
 69956 | Vaults:4 | Identified a +2 dagger of venom
 69956 | Vaults:4 | Identified a +0 robe
 69971 | Vaults:4 | Identified a +0 giant club
 69971 | Vaults:4 | Identified a +0 giant spiked club
 69973 | Vaults:4 | Identified a +0 flail
 69973 | Vaults:4 | Identified a +0 robe
 69986 | Vaults:4 | Identified a +0 giant club
 69999 | Vaults:4 | Identified a +1 great sword of holy wrath
 70022 | Vaults:4 | Identified a +0 arbalest
 70024 | Vaults:4 | Identified a +0 arbalest
 70026 | Vaults:4 | Identified a +0 arbalest
 70183 | Vaults:4 | Identified a +0 dagger of flaming
 70183 | Vaults:4 | Identified a +0 shortbow
 70183 | Vaults:4 | Identified a +0 leather armour
 70218 | Vaults:4 | Identified a +0 long sword
 70218 | Vaults:4 | Identified a +0 leather armour
 70840 | Depths:1 | Entered Level 1 of the Depths
 70945 | Depths:1 | Identified a +0 arbalest
 70945 | Depths:1 | Identified a +0 arbalest
 70949 | Depths:1 | Identified a +0 great sword of flaming
 70949 | Depths:1 | Identified a +0 leather armour
 70949 | Depths:1 | Identified a +0 arbalest
 70955 | Depths:1 | Identified a +0 whip
 70955 | Depths:1 | Identified a +0 scale mail
 70955 | Depths:1 | Identified a +0 arbalest
 71034 | Depths:1 | Identified a +0 long sword
 71034 | Depths:1 | Identified a +1 scale mail of magic resistance
 71034 | Depths:1 | Identified a +0 buckler
 71035 | Depths:1 | Identified a +1 long sword
 71035 | Depths:1 | Identified a +0 scale mail
 71035 | Depths:1 | Identified a +0 buckler
 71038 | D:15     | HP: 21/102 [stone giant (26)]
 71038 | D:15     | Mangled by a stone giant

Table legend:
 A = Turns spent in this place as a percentage of turns spent in the entire game.
 B = Non-inter-level travel turns spent in this place as a percentage of non-inter-level travel turns spent in the entire game.
 C = Inter-level travel turns spent in this place as a percentage of turns spent in this place.
 D = Turns resting spent in this place as a percentage of non-inter-level travel turns spent in this place.
 E = Turns spent auto-exploring this place as a percentage of non-inter-level travel turns spent in this place.
 F = Non-inter-level travel turns spent in this place divided by the number of levels of this place that you've seen.
                   A       B       C       D       E      F
               +-------+-------+-------+-------+-------+----------------------
         Total | 100.0 | 100.0 |   6.6 |  29.1 |  40.1 | 1619.1
       Dungeon |  32.4 |  31.7 |   8.7 |  18.5 |  50.8 | 1401.3
          Lair |  13.9 |  13.6 |   8.6 |  25.3 |  47.5 | 1506.8
        Shoals |   8.2 |   8.4 |   3.5 |  30.3 |  37.7 | 1397.2
   Spider Nest |  10.8 |  10.8 |   7.0 |  34.4 |  34.6 | 1786.8
  Orcish Mines |   5.4 |   5.5 |   6.0 |  41.3 |  29.3 | 1816.5
   Elven Halls |  10.6 |  10.8 |   4.7 |  43.3 |  32.0 | 2387.7
        Vaults |  15.3 |  15.7 |   4.4 |  32.5 |  34.1 | 2600.8
        Depths |   0.1 |   0.1 |   0.0 |  64.4 |   0.0 |  73.0
        Bailey |   0.7 |   0.7 |   0.0 |  18.9 |   9.0 | 466.0
      Ice Cave |   2.6 |   2.8 |   0.0 |  48.0 |   5.9 | 1850.0
               +-------+-------+-------+-------+-------+----------------------

Table legend:
 A = Kills in this place as a percentage of kills in entire the game.
 B = Kills by you in this place as a percentage of kills by you in the entire game.
 C = Kills by friends in this place as a percentage of kills by friends in the entire game.
 D = Other kills in this place as a percentage of other kills in the entire game.
 E = Experience gained in this place as a percentage of experience gained in the entire game.
 F = Experience gained in this place divided by the number of levels of this place that you have seen.
                   A       B       C       D       E      F
               +-------+-------+-------+-------+-------+----------------------
         Total | 100.0 | 100.0 | 100.0 | 100.0 | 100.0 | 15050.3
       Dungeon |  29.9 |  30.1 |   0.0 |  22.7 |   9.4 | 3878.3
          Lair |  11.9 |  12.1 |   0.0 |   0.0 |   8.6 | 8847.3
        Shoals |   7.9 |   7.8 |  42.9 |   9.1 |  12.3 | 19017.0
   Spider Nest |  12.1 |  12.1 |   0.0 |  13.6 |  14.0 | 21670.2
  Orcish Mines |   7.2 |   6.8 |   0.0 |  36.4 |   1.5 | 4626.0
   Elven Halls |   9.5 |   9.6 |   0.0 |   4.5 |  20.3 | 41690.7
        Vaults |  19.0 |  18.9 |  57.1 |  13.6 |  32.3 | 49886.2
        Depths |   0.1 |   0.1 |   0.0 |   0.0 |   0.1 | 732.0
        Bailey |   1.2 |   1.2 |   0.0 |   0.0 |   0.5 | 3080.0
      Ice Cave |   1.1 |   1.2 |   0.0 |   0.0 |   0.9 | 5374.0
               +-------+-------+-------+-------+-------+----------------------

Skill      XL: |  1  2  3  4  5  6  7  8  9 10 11 12 13 14 15 16 17 18 19 20 21 22 |
---------------+-------------------------------------------------------------------+-----
Spellcasting   | 3 4 5 6 7 8 9 10 11 12 13 14 15 | 15.5
Earth Magic    | 3 4 5 6 7 8 9 10 11 12 13 14 15 | 15.1
Short Blades   | 1 2 3 4 5 6 7 8 9 10 11 | 11.9
Dodging        | 4 5 6 7 8 9 10 11 12 13 14 15 16 | 16.8
Stealth        | 4 5 6 7 9 10 | 10.5
Invocations    | 2 4 5 7 8 10 11 12 13 14 | 14.4
Poison Magic   | 2 4 5 6 |  6.9
Fighting       | 2 3 5 6 |  6.0
Hexes          | 4 7 8 9 10 11 | 11.3
Transmutations | 6 8 9 11 13 14 15 16 17 | 17.2
Armour         | 4 6 7 8 |  8.9
Evocations     | 6 9 10 | 10.7
Necromancy     | 6 10 12 | 12.6
Air Magic      | 2 |  2.0
Shields        | |  0.2

Action                   |  1- 3 |  4- 6 |  7- 9 | 10-12 | 13-15 | 16-18 | 19-21 | 22-24 || total
-------------------------+-------+-------+-------+-------+-------+-------+-------+-------++-------
Melee: Dagger            |    79 |   101 |   314 |   834 |   796 |   825 |   354 |       ||  3303
       Unarmed           |     9 |       |       |       |       |       |       |       ||     9
       Rapier            |       |       |       |     3 |       |       |   446 |    62 ||   511
       Staff             |       |       |       |       |    19 |    22 |     2 |       ||    43
Throw: Stone             |     2 |     2 |       |       |       |       |     4 |       ||     8
       Dart              |       |       |       |     1 |       |       |       |       ||     1
 Cast: Sandblast         |     6 |    20 |    65 |    65 |   175 |   248 |   166 |     5 ||   750
       Stone Arrow       |       |       |    20 |    21 |    79 |   176 |   140 |     1 ||   437
       Lee's Rapid Decon |       |       |     3 |    23 |     3 |    16 |   401 |    49 ||   495
       Petrify           |       |       |     2 |    32 |    23 |    33 |    22 |       ||   112
       Slow              |       |       |     1 |       |       |       |     3 |       ||     4
       Mephitic Cloud    |       |       |       |    15 |    20 |    10 |    10 |     1 ||    56
       Confusing Touch   |       |       |       |    18 |     7 |    10 |     3 |       ||    38
       Passwall          |       |       |       |       |     1 |       |       |       ||     1
       Statue Form       |       |       |       |       |     3 |     7 |     7 |       ||    17
       Yara's Violent Un |       |       |       |       |     1 |     1 |       |       ||     2
       Borgnjor's Vile C |       |       |       |       |       |     3 |     8 |       ||    11
       Darkness          |       |       |       |       |       |       |     2 |       ||     2
Invok: Shadow Form       |       |       |       |     1 |       |       |       |       ||     1
 Abil: End Transformatio |       |       |       |     1 |       |       |       |       ||     1
Evoke: Wand              |       |    13 |     1 |    52 |     2 |     6 |    38 |     8 ||   120
       Box of beasts     |       |       |       |       |       |     2 |     3 |       ||     5
       Tin of tremorston |       |       |       |       |       |     1 |       |       ||     1
  Use: Scroll            |       |     3 |     7 |    11 |    21 |    13 |    21 |       ||    76
       Potion            |       |       |       |     3 |     1 |     8 |     2 |     1 ||    15
 Stab: Sleeping          |     6 |    13 |    22 |    50 |   102 |    63 |    80 |     8 ||   344
       Distracted        |       |     1 |     2 |     5 |     5 |       |    12 |       ||    25
       Petrified         |       |       |     2 |    28 |    26 |    27 |    22 |       ||   105
       Confused          |       |       |       |    30 |    26 |    17 |    13 |     3 ||    89
       Invisible         |       |       |       |     1 |       |     2 |       |       ||     3
       Petrifying        |       |       |       |       |     4 |     3 |       |       ||     7
       Held in net/web   |       |       |       |       |       |     2 |       |       ||     2
       Paralysed         |       |       |       |       |       |       |     1 |       ||     1
  Eat: Ration            |       |     1 |     3 |     9 |     8 |     8 |    11 |     1 ||    41
Armor: Robe              |    10 |     6 |    15 |    26 |    19 |     2 |       |       ||    78
       Skin              |       |       |       |       |    23 |    90 |    35 |       ||   148
       Troll leather arm |       |       |       |       |       |    99 |    53 |     6 ||   158
Dodge: Dodged            |    74 |    69 |   246 |   627 |   981 |  1784 |  1172 |    79 ||  5032

Vanquished Creatures
  Frederick (Vaults:3)
  Rupert (D:12)
  3 deep elf blademasters
  3 deep elf master archers (Elf:3)
  Polyphemus (Shoals:2)
  A lich (Vaults:3)
  A sphinx (Vaults:2)
  A shadow dragon (Vaults:3)
  Roxanne (Shoals:4)
  2 fire giants
  6 ghost moths
  6 deep elf sorcerers
  6 emperor scorpions
  6 vault wardens
  An orc warlord (Bailey)
  Aizul (Spider:3)
  2 deep elf elementalists (Elf:3)
  8 ironheart preservers
  A war gargoyle (Vaults:3)
  4 very ugly things (Vaults:1)
  A minotaur (Shoals:1)
  4 entropy weavers
  7 deep elf annihilators
  4 deep elf demonologists
  3 stone giants
  An eidolon (Vaults:3)
  A crystal guardian (Vaults:4)
  5 merfolk javelineers
  6 deep elf death magi (Elf:3)
  A jiangshi (Vaults:3)
  5 merfolk impalers (Shoals:4)
  13 yaktaur captains
  3 ettins
  4 deep elf high priests
  3 fire dragons
  A great orb of eyes (Vaults:1)
  Fannar (Lair:3)
  7 hydras
  A rakshasa (Vaults:2)
  6 ice dragons
  A merfolk avatar (Shoals:4)
  2 catoblepae
  3 death knights
  A merfolk aquamancer (Shoals:4)
  24 two-headed ogres
  8 centaur warriors
  A deep troll shaman (Vaults:4)
  21 dancing weapons
  6 death yaks
  9 ogre magi
  2 satyrs
  An orc high priest (Elf:2)
  Sonja (Lair:3)
  Nergalle (Lair:2)
  20 deep elf knights
  A fire crab (shapeshifter) (Vaults:2)
  A small abomination (Elf:3)
  14 sea snakes
  A glowing orange brain (Vaults:1)
  3 unseen horrors
  3 shadow wraiths
  The ghost of Koltushi the Conjurer, a novice GnCj (D:7)
  3 deep trolls (Vaults:4)
  4 necromancers
  A swamp dragon (Lair:6)
  3 flayed ghosts
  19 deep elf archers
  6 wizards
  A sphinx zombie (Vaults:3)
  16 ironbrand convokers
  11 orc knights
  4 phantasmal warriors
  A lindwurm (Lair:5)
  25 harpies
  19 orb spiders
  33 wolf spiders
  An orb spider (shapeshifter) (D:14)
  4 cyclopes
  8 fauns
  38 ugly things
  3 oklob plants
  66 deep elf magi
  A stone giant zombie (Vaults:1)
  An orc sorcerer (Vaults:1)
  4 moths of wrath
  A fire giant skeleton (Vaults:3)
  2 elephants (Shoals:1)
  18 manticores
  5 merfolk sirens
  10 black mambas
  Maurice (D:10)
  A gargoyle (D:9)
  A guardian serpent (Lair:6)
  5 water nymphs
  12 vault sentinels
  A stone giant skeleton (Vaults:1)
  7 torpor snails
  A yaktaur zombie (Vaults:1)
  2 ice statues (IceCv)
  3 human zombies
  A kobold demonologist (D:14)
  10 komodo dragons
  11 demonic crawlers
  An efreet (D:14)
  13 spiny frogs
  A komodo dragon (shapeshifter) (D:14)
  6 freezing wraiths
  34 yaktaurs
  5 rime drakes
  A yaktaur skeleton (Vaults:1)
  2 ice devils (D:11)
  14 merfolk
  8 trolls
  A polar bear (shapeshifter) (Elf:3)
  A wolf spider simulacrum (D:12)
  9 hornets
  3 meliai (Shoals:1)
  A meliai (shapeshifter) (D:14)
  33 jumping spiders
  3 polar bears
  A raiju (shapeshifter) (Vaults:4)
  3 wind drakes
  7 blink frogs
  10 dream sheep
  19 hippogriffs
  14 snapping turtles
  A frost giant simulacrum (Vaults:3)
  3 water elementals
  63 redbacks
  4 air elementals
  15 yaks
  4 wraiths
  2 shadows
  A tarantella (shapeshifter) (Vaults:2)
  2 vampires
  A spriggan (shapeshifter) (Vaults:1)
  23 tarantellas
  16 wyverns
  5 fire elementals
  A human (shapeshifter) (Vaults:1)
  2 basilisks
  A hog (shapeshifter) (Vaults:4)
  3 steam dragons
  3 human simulacra
  3 hungry ghosts
  2 vampire mosquitoes (D:12)
  Edmund (D:4)
  3 wargs
  4 acid dragons
  A soldier ant (D:10)
  24 water moccasins
  An elf zombie (Vaults:1)
  A porcupine (shapeshifter) (Vaults:3)
  4 black bears
  12 porcupines
  6 sky beasts
  16 ice beasts
  A hornet zombie (D:15)
  An ice dragon simulacrum (Vaults:1)
  An eye of draining (D:12)
  A swamp drake (Lair:6)
  61 orc warriors
  A boggart (shapeshifter) (Vaults:2)
  6 phantoms
  8 wolves
  8 boggarts
  35 centaurs
  34 ogres
  15 crocodiles
  26 bullfrogs
  3 big kobolds
  2 wyvern zombies
  2 gnoll sergeants (D:7)
  4 earth elementals
  5 scorpions
  A wyvern skeleton (D:10)
  14 killer bees
  13 wights
  8 electric eels
  2 howler monkeys
  5 crimson imps
  2 bullfrog zombies
  4 centaur zombies
  16 orc priests
  4 jellies
  3 bullfrog skeletons
  2 gnoll shamans
  4 hounds
  34 orc wizards
  4 centaur skeletons
  Jessica (D:2)
  8 iguanas
  Natasha (thrice) (D:2)
  3 hell rats (Lair:5)
  10 worker ants
  A killer bee zombie (D:6)
  8 ogre zombies (D:10)
  2 hound zombies
  5 worker ant zombies
  12 adders
  14 gnolls
  2 howler monkey skeletons
  5 river rats (Lair:5)
  5 shadow imps
  An ooze (D:4)
  2 adder zombies
  6 worms
  2 dart slugs
  3 leopard geckos
  132 orcs
  A bat (shapeshifter) (D:14)
  8 giant cockroaches
  6 goblins
  6 hobgoblins
  3 jackals (D:4)
  27 kobolds
  5 quokkas
  3 ball pythons
  8 bats
  7 frilled lizards
  A giant cockroach zombie (D:5)
  2 goblin skeletons (D:10)
  3 goblin zombies (D:10)
  A hobgoblin skeleton (D:10)
  3 hobgoblin zombies (D:10)
  2 leopard gecko skeletons
  A leopard gecko zombie (D:5)
  2 orc skeletons
  16 orc zombies
  2 quokka skeletons
  A quokka zombie (D:8)
  22 rats
  A crawling corpse (Elf:3)
  3 plants
  3 tentacles (Shoals:4)
1732 creatures vanquished.

Vanquished Creatures (collateral kills)
  2 krakens (Shoals:4)
  A merfolk avatar (Shoals:4)
  2 two-headed ogres
  2 yaktaurs
7 creatures vanquished.

Vanquished Creatures (others)
  An emperor scorpion (Spider:4)
  3 two-headed ogres
  A deep elf mage (Elf:2)
  A manticore (Shoals:4)
  A yaktaur (Vaults:4)
  A water elemental (Elf:2)
  A tarantella (Spider:4)
  An orc priest (Orc:1)
  5 orcs
  A bush (Lair:6)
  22 fungi
  32 plants
  43 tentacles (Shoals:4)
113 creatures vanquished.

Grand Total: 1852 creatures vanquished
